 Dungeon Crawl Stone Soup version 0.26.1-11-gd32895ea62 (webtiles) character file.

Game seed: 9559692363746908312

785135 phalm the Gnoll Aeon (level 27, -12/224 HPs)
             Began as a Gnoll Conjurer on June 7, 2021.
             Was the Champion of Cheibriados.
             Mangled by a jiangshi (16 damage)
             ... summoned by a mummy priest
             ... on level 2 of the Tomb of the Ancients on June 9, 2021.
             The game lasted 05:46:52 (107843 turns).

phalm the Gnoll Aeon (Gnoll Conjurer)             Turns: 107843, Time: 05:46:53

Health: -12/224    AC: 35    Str: 36      XL:     27
Magic:  8/56       EV: 31    Int: 52      God:    Cheibriados [******]
Gold:   8324       SH: 17    Dex: 23 (27) Spells: 4/66 levels left

rFire    + + .     SeeInvis +   W - +2 rapier "Vitypt" {venom, *Slow Fragile rElec rPois rF+}
rCold    + + +     Faith    .   j - +3 buckler {reflect}
rNeg     + + +     Spirit   .   P - quicksilver dragon scales {rare}
rPois    ∞         Reflect  +   U - +2 helmet {SInv}
rElec    +         Harm     .   s - +2 cloak
rCorr    +         Rampage  .   t - +1 pair of gloves "Halom" {rC++ rN++ Int-3}
Will     +++++                  B - +0 pair of boots "Udwisk" {rCorr}
Stlth    ++++++++..             a - amulet of Intercession {RegenMP *Drain rPois Str+8 Int+4}
HPRegen  0.47/turn              z - ring of Oraorenn {rF+ Will+ Int+4 Stlth+}
MPRegen  0.60/turn              k - ring "Vyithoxi" {MP+9 Slay+3 Stlth+}

@: lich-form, silence, slowed, studying Necromancy, very slow
A: distributed training, fangs 1, large bone plates 1, berserk 1, clumsy 1, cold
resistance 2, poison resistance, screaming 1, strong 1, subdued magic 1, strong
nose
}: 5/15 runes: decaying, slimy, silver, abyssal, gossamer
a: End Transformation, Renounce Religion


You were on level 2 of the Tomb of the Ancients.
You worshipped Cheibriados.
Cheibriados was exalted by your worship.
You were a lich.
You visited 13 branches of the dungeon, and saw 60 of its levels.
You visited the Abyss 1 time.
You also visited: Bailey, Gauntlet and Ice Cave.

You collected 12448 gold pieces.
You spent 4124 gold pieces at shops.


Innate Abilities, Weirdness & Mutations

Your experience applies equally to all skills.
You have very sharp teeth.
Your uncanny sense of smell can sniff out nearby items.
You are partially covered in large bone plates. (SH +4)
You tend to lose your temper in combat.
You are clumsy. (Dex -2)
Your flesh is very cold resistant. (rC++)
Your system is resistant to poisons. (rPois)
You occasionally shout uncontrollably at your foes.
Your muscles are strong. (Str +2)
Your spells are a little easier to cast, but a little less powerful.


   Skills:
 + Level 20.0 Fighting
 + Level 20.0 Short Blades
 + Level 20.0 Long Blades
 + Level 20.0 Axes
 + Level 20.0 Maces & Flails
 + Level 20.0 Polearms
 + Level 20.0 Staves
 + Level 20.0 Slings
 + Level 20.0 Bows
 + Level 20.1 Crossbows
 + Level 20.0 Throwing
 + Level 20.0 Armour
 + Level 20.4 Dodging
 + Level 20.3 Stealth
 + Level 20.0 Shields
 + Level 20.0 Unarmed Combat
 + Level 20.4 Spellcasting
 + Level 18.3 Conjurations
 + Level 17.3 Hexes
 + Level 17.3 Summonings
 + Level 20.2 Necromancy
 + Level 17.3 Translocations
 + Level 17.3 Transmutations
 + Level 17.3 Fire Magic
 + Level 17.3 Ice Magic
 + Level 17.3 Air Magic
 + Level 17.3 Earth Magic
 + Level 17.3 Poison Magic
 + Level 21.5 Invocations
 + Level 20.0 Evocations


You had 4 spell levels left.
You knew the following spells:

 Your Spells              Type           Power        Failure   Level
a - Airstrike             Air            55%          0%          4
b - Fireball              Conj/Fire      55%          0%          5
c - Ozocubu's Refrigerat  Ice            55%          1%          6
e - Necromutation         Tmut/Necr      68%          1%          8
l - Lehudib's Crystal Sp  Conj/Erth      55%          1%          8
n - Iron Shot             Conj/Erth      55%          0%          6
o - Olgreb's Toxic Radia  Pois           100%         0%          4
p - Spellforged Servitor  Conj/Summ      55%          1%          7
t - Lightning Bolt        Conj/Air       55%          0%          5
B - Blink                 Tloc           N/A          0%          2
X - Iskenderun's Mystic   Conj/Tloc      100%         0%          4
Y - Ignite Poison         Fire/Tmut/Pois 100%         0%          3

Your spell library contained the following spells:

 Spells                   Type           Power        Failure   Level
 Animate Skeleton         Necr           100%         0%          1
 Apportation              Tloc           100%         0%          1
 Beastly Appendage        Tmut           100%         0%          1
 Corona                   Hex            100%         0%          1
 Foxfire                  Conj/Fire      100%         0%          1
 Magic Dart               Conj           100%         0%          1
 Pain                     Necr           100%         0%          1
 Shock                    Conj/Air       100%         0%          1
 Sting                    Tmut/Pois      100%         0%          1
 Summon Small Mammal      Summ           100%         0%          1
 Call Imp                 Summ           100%         0%          2
 Corpse Rot               Necr/Air       N/A          0%          2
 Ensorcelled Hibernation  Hex/Ice        100%         0%          2
 Passwall                 Tmut/Erth      91%          0%          2
 Poisonous Vapours        Pois/Air       100%         0%          2
 Searing Ray              Conj           100%         0%          2
 Slow                     Hex            100%         0%          2
 Sublimation of Blood     Necr           70%          0%          2
 Swiftness                Air            100%         0%          2
 Wereblood                Tmut           100%         0%          2
 Call Canine Familiar     Summ           100%         0%          3
 Confusing Touch          Hex            100%         0%          3
 Conjure Flame            Conj/Fire      100%         0%          3
 Dazzling Flash           Conj/Hex       100%         0%          3
 Gell's Gravitas          Tloc           55%          0%          3
 Inner Flame              Hex/Fire       100%         0%          3
 Lesser Beckoning         Tloc           55%          0%          3
 Mephitic Cloud           Conj/Pois/Air  100%         0%          3
 Portal Projectile        Hex/Tloc       100%         0%          3
 Spider Form              Tmut/Pois      55%          0%          3
 Static Discharge         Conj/Air       100%         0%          3
 Stone Arrow              Conj/Erth      100%         0%          3
 Summon Guardian Golem    Hex/Summ       100%         0%          3
 Tukima's Dance           Hex            100%         0%          3
 Vampiric Draining        Necr           70%          0%          3
 Cause Fear               Hex            55%          0%          4
 Dispel Undead            Necr           100%         0%          4
 Fulminant Prism          Conj/Hex       55%          0%          4
 Ice Form                 Ice/Tmut       100%         0%          4
 Leda's Liquefaction      Hex/Erth       55%          0%          4
 Passage of Golubria      Tloc           N/A          0%          4
 Petrify                  Tmut/Erth      100%         0%          4
 Sticky Flame             Conj/Fire      100%         0%          4
 Summon Ice Beast         Ice/Summ       100%         0%          4
 Summon Lightning Spire   Summ/Air       100%         0%          4
 Agony                    Necr           100%         0%          5
 Alistair's Intoxication  Tmut/Pois      73%          0%          5
 Blade Hands              Tmut           55%          0%          5
 Bolt of Magma            Conj/Fire/Erth 55%          0%          5
 Borgnjor's Vile Clutch   Necr/Erth      68%          0%          5
 Excruciating Wounds      Necr           70%          0%          5
 Iskenderun's Battlesphe  Conj           100%         0%          5
 Lee's Rapid Deconstruct  Erth           55%          0%          5
 Metabolic Englaciation   Hex/Ice        55%          0%          5
 Silence                  Hex/Air        55%          0%          5
 Summon Demon             Summ           55%          0%          5
 Summon Forest            Summ/Tloc      55%          0%          5
 Summon Mana Viper        Hex/Summ       100%         0%          5
 Yara's Violent Unravell  Hex/Tmut       55%          0%          5
 Conjure Ball Lightning   Conj/Air       55%          0%          6
 Freezing Cloud           Conj/Ice/Air   55%          0%          6
 Simulacrum               Ice/Necr       68%          0%          6
 Eringya's Noxious Bog    Tmut/Pois      55%          1%          6
 Hydra Form               Tmut           55%          1%          6
 Invisibility             Hex            100%         1%          6
 Shadow Creatures         Summ           N/A          1%          6
 Statue Form              Tmut/Erth      73%          1%          6
 Dragon Form              Tmut           55%          1%          7
 Haunt                    Necr/Summ      68%          1%          7
 Malign Gateway           Summ/Tloc      55%          1%          7
 Monstrous Menagerie      Summ           55%          1%          7
 Orb of Destruction       Conj           56%          1%          7
 Summon Greater Demon     Summ           55%          1%          7
 Summon Hydra             Summ           55%          1%          7
 Borgnjor's Revivificati  Necr           70%          1%          8
 Chain Lightning          Conj/Air       55%          1%          8
 Discord                  Hex            55%          1%          8
 Disjunction              Tloc           55%          1%          8
 Infestation              Necr           70%          1%          8
 Summon Horrible Things   Summ           55%          1%          8
 Death's Door             Necr           70%          6%          9
 Fire Storm               Conj/Fire      55%          17%         9
 Absolute Zero            Ice            55%          22%         9
 Dragon's Call            Summ           55%          22%         9
 Shatter                  Erth           55%          22%         9
 Tornado                  Air            55%          22%         9

Inventory:

Hand Weapons
 W - the +2 rapier "Vitypt" (weapon) {venom, *Slow Fragile rElec rPois rF+}
   (You found it on level 2 of the Elven Halls)

   It poisons the flesh of those it strikes.
   It protects you from fire.
   It insulates you from electricity.
   It protects you from poison.
   It may slow you when you take damage.
   It will be destroyed if unequipped.
Missiles
 c - 3 boomerangs
 Z - 3 silver boomerangs (quivered)
Armour
 j - a +3 buckler of reflection (worn)
   (You took it off a tengu conjurer on level 3 of the Depths)
 s - a +2 cloak (worn)
   (You found it on level 3 of the Depths)
 t - the +1 pair of gloves "Halom" (worn) {rC++ rN++ Int-3}
   (You acquired it on level 11 of the Dungeon)

   It affects your intelligence (-3).
   It greatly protects you from cold.
   It greatly protects you from negative energy.
 B - the +0 pair of boots "Udwisk" (worn) {rCorr}
   (You found it on level 5 of the Pits of Slime)

   It provides partial protection from all sources of acid and corrosion.
 P - quicksilver dragon scales (worn) {rare}
   (You found it on level 2 of the Depths)
 U - a +2 helmet of see invisible (worn)
   (You bought it in a shop on level 2 of the Orcish Mines)
Jewellery
 a - the amulet of Intercession (around neck) {RegenMP *Drain rPois Str+8 Int+4}
   (You took it off a deep elf mage on level 3 of the Elven Halls)

   [amulet of magic regeneration]

   It increases your magic regeneration.
   It affects your strength (+8).
   It affects your intelligence (+4).
   It protects you from poison.
   It causes draining when unequipped.
 k - the ring "Vyithoxi" (right hand) {MP+9 Slay+3 Stlth+}
   (You acquired it on level 11 of the Dungeon)

   [ring of magical power]

   It affects your accuracy and damage with ranged weapons and melee attacks
   (+3).
   It affects your magic capacity (+9).
   It makes you more stealthy.
 z - the ring of Oraorenn (left hand) {rF+ Will+ Int+4 Stlth+}
   (You bought it in a shop on level 5 of the Vaults)

   [ring of willpower]

   It affects your intelligence (+4).
   It protects you from fire.
   It affects your willpower, your defense against some magical effects.
   It makes you more stealthy.
Wands
 g - a wand of digging (34)
   (You found it on level 10 of the Dungeon)
 m - a wand of enslavement (33)
   (You found it on level 3 of the Dungeon)
 q - a wand of iceblast (10)
   (You found it on level 3 of the Lair of Beasts)
 w - a wand of polymorph (56)
   (You found it on level 5 of the Dungeon)
 D - a wand of disintegration (18)
   (You took it off a yaktaur on level 5 of the Vaults)
 M - a wand of paralysis (44)
   (You took it off a big kobold on level 7 of the Dungeon)
 R - a wand of acid (42)
   (You found it on level 10 of the Dungeon)
Scrolls
 d - 8 scrolls of fog
 l - 3 scrolls of vulnerability {!r!r}
 n - 5 scrolls of immolation {!r!r}
 o - 25 scrolls of remove curse {@r2}
 x - 8 scrolls of fear
 y - 3 scrolls of summoning
 C - 15 scrolls of teleportation {@r4}
 O - 4 scrolls of blinking {!r}
 Q - 10 scrolls of magic mapping {!r}
Potions
 e - a potion of heal wounds {@q2}
 f - 11 potions of ambrosia
 h - 11 potions of flight
 r - 21 potions of curing {@q1}
 u - 3 potions of invisibility
 F - 5 potions of lignification {!q}
 G - a potion of resistance
 I - 6 potions of cancellation
 J - 12 potions of attraction {!q}
 L - 11 potions of might
 S - 5 potions of brilliance
Books
 V - a manual of Necromancy {!d}
   (You bought it in a shop on level 2 of the Orcish Mines)
Miscellaneous
 A - a condenser vane
   (You found it on level 2 of the Vaults)
 H - a phial of floods
   (You found it on level 5 of the Pits of Slime)
 K - a box of beasts
   (You found it on level 3 of the Spider Nest)
 T - a lightning rod (4/4)
   (You found it on level 1 of the Lair of Beasts)
 X - a phantom mirror
   (You found it in a Gauntlet)
 Y - a tin of tremorstones (inert)
   (You found it in a Gauntlet)

Dungeon Overview and Level Annotations

Branches:
Dungeon (15/15)            Temple (1/1) D:6            Lair (6/6) D:11
  Swamp (4/4) Lair:4       Spider (4/4) Lair:2        Slime (5/5) Lair:6
    Orc (2/2) D:12            Elf (3/3) Orc:2        Vaults (5/5) D:14
  Crypt (3/3) Vaults:2       Tomb (2/3) Crypt:3      Depths (5/5) D:15
    Zot (5/5) Depths:5     Bailey (visited)           IceCv (visited)
Gauntlet (visited)

Altars:
Ashenzari
Cheibriados
Dithmenos
Elyvilon
Fedhas
Gozag
Hepliaklqana
Kikubaaqudgha
Makhleb
Nemelex Xobeh
Okawaru
Qazlal
Ru
Sif Muna
Trog
Uskayaw
Vehumet
Wu Jian
Xom
Yredelemnul
Zin
The Shining One
Jiyva
Lugonu

Shops:
D:4 (   D:7 *   D:11 (   D:14 *   Orc:1 *   Orc:2 [(:*   Elf:2 (   Vaults:3 }
Vaults:5 =*   Depths:2 ?   Depths:4 :(   Depths:5 =*

Portals:
Hell: Depths:1 Depths:2 Depths:3 Depths:4 Depths:5
Abyss: Depths:1 Depths:2 Depths:4
Pandemonium: Depths:2 Depths:3
Ziggurat: Depths:5

Annotations:
Zot:5 5 exclusions

######## #......#. ∆
#.=.MWW#^ #.....zMM...M
#....z.#MM..#
#......#.M^.#
#....#####W###########
#....#...3..L.M.M.....
######....##WV3M.....#
#.. ###MMWM......##...
# #..Z4.............
.......WZ4z.M....Z....!
...M.....##.W.z.M.##...
.......SM##Z..W..Z##...
..z...#.SZM.MW.Z.......
.....##.......MM)......


You could see a royal mummy, an ancient champion (fast), 4 mummy priests, a
jiangshi (summoned), 2 flayed ghosts, 3 shadow wraiths, a phantasmal warrior
(summoned), 2 mana vipers, a hellwing (summoned), 2 guardian mummies, a spectral
human (summoned), a sixfirhy (summoned), a neqoxec (summoned), a chaos spawn
(summoned), 2 wraiths, a flying skull (summoned), 5 mummies, a fire dragon
simulacrum (summoned), a catoblepas zombie (summoned) and a fire giant zombie
(summoned).


Message History

Your mummy is destroyed! 😱 HP[+1] MP[-1]
You lost 1 mp, and now have 2/56 mp.
Your surroundings suddenly seem different.
A mummy comes into view. x2
A mummy priest comes into view.
You bark at the mummy priest!
A mummy comes into view.
You bark at the mummy! 😱 HP[+1] MP[+2]
You regained 2 mp, and now have 4/56 mp.
You hear a loud "Zot"!
The power of Zot is invoked against you!
You suddenly lose the ability to move!
The skeletal warrior hits you but does no damage.
The mummy hits you but does no damage.
The skeletal warrior hits you with a +0 scimitar!!
* * * LOW HITPOINT WARNING * * *
You can move again. 😱 HP[-17] MP[+2]
You take 17 damage, and now have 35/224 hp.
You regained 2 mp, and now have 6/56 mp.
You impale the skeletal warrior!! You block the mummy's attack.
You hit the skeletal warrior but do no damage.
You bite the skeletal warrior!
You block the skeletal warrior's attack. 😱 MP[+1]
You puncture the skeletal warrior! You bite the skeletal warrior!
You block the skeletal warrior's attack.
You block the mummy's attack. 😱 HP[+1]
You impale the skeletal warrior!!
You destroy the skeletal warrior!
Cheibriados appreciates the change of pace.
The mummy priest prays to its god.
A mummy comes into view.
You feel your dexterity returning. 😱 MP[+1]
A guardian mummy comes into view.
You bark at the guardian mummy!
The mummy priest prays to its god.
You block the shadow wraith's attack.
A fire dragon zombie comes into view.
The mummy misses you. You block the mummy's attack.
You block the shadow wraith's attack.
The shadow wraith completely misses you.
You block the mummy's attack. x2; The shadow wraith hits you!
* * * LOW HITPOINT WARNING * * *
The shadow wraith drains your vigour!
You feel as though you will be slow longer.
The fire dragon zombie moves out of view.
You see here a +0 scimitar. 😱 HP[-5] MP[+1]
You take 5 damage, and now have 31/224 hp.
Really read
O - 5 scrolls of blinking {!r}?
Blink to where?
Press: ? - help, Dir - move target
As you read the scroll of blinking {!r}, it crumbles to dust.
A guardian mummy comes into view.
The neqoxec completely misses you.
You hear a loud "Zot"!
The royal mummy casts a spell.
The mummy priest mumbles some strange prayers to its god against you.
Something smites you!
* * * LOW HITPOINT WARNING * * *
😱 HP[-16] MP[+1]
You take 16 damage, and now have 15/224 hp.
Casting: Blink (safe; 0% risk of failure)
Confirm with . or Enter, or press ? or * to list all spells.
You erupt in a blast of force!
The mystic blast hits the catoblepas zombie.
The catoblepas zombie is knocked back by the mystic blast.
The catoblepas zombie slams into the rock wall!
The mystic blast hits the flayed ghost.
The flayed ghost is knocked back by the mystic blast.
The mystic blast hits the mummy!
The mummy is knocked back by the mystic blast.
The mummy collides with the mummy!
The mystic blast hits the jiangshi!
The jiangshi is knocked back by the mystic blast.
The jiangshi collides with the mummy!
You destroy the mummy!
The mystic blast hits the neqoxec!!
The neqoxec is knocked back by the mystic blast.
The mystic blast hits the mummy priest.
The mummy priest is knocked back by the mystic blast.
The mystic blast hits the flayed ghost!!
The flayed ghost is knocked back by the mystic blast.
The mummy priest mumbles some strange prayers to its god.
The mummy priest calls down the wrath of its god upon you.
Something smites you!
* * * LOW HITPOINT WARNING * * *
😱 HP[-12] MP[-3]
You take 12 damage, and now have 3/224 hp.
You lost 3 mp, and now have 7/56 mp.
You can't drink.
Okay, then.
Really read
p - a scroll of silence {!r}?
As you read the scroll of silence {!r}, it crumbles to dust.
A profound silence engulfs you. The jiangshi claws you!
You die...

Skill      XL: |  1  2  3  4  5  6  7  8  9 10 11 12 13 14 15 16 17 18 19 20 21 22 23 24 25 26 27 |
---------------+----------------------------------------------------------------------------------+-----
Spellcasting   | 5 6 7 8 9 10 11 12 13 14 15 16 17 20 | 20.4
Invocations    | 1 2 3 4 5 6 7 8 9 10 11 12 13 14 15 16 17 18 21 | 21.5
Fighting       | 1 2 3 4 5 6 7 8 9 10 11 12 13 14 15 16 17 20 | 20.0
Short Blades   | 1 2 3 4 5 6 7 8 9 10 11 12 13 14 15 16 17 20 | 20.0
Long Blades    | 1 2 3 4 5 6 7 8 9 10 11 12 13 14 15 16 17 20 | 20.0
Axes           | 1 2 3 4 5 6 7 8 9 10 11 12 13 14 15 16 17 20 | 20.0
Maces & Flails | 1 2 3 4 5 6 7 8 9 10 11 12 13 14 15 16 17 20 | 20.0
Polearms       | 1 2 3 4 5 6 7 8 9 10 11 12 13 14 15 16 17 20 | 20.0
Staves         | 1 2 3 4 5 6 7 8 9 10 11 12 13 14 15 16 17 20 | 20.0
Slings         | 1 2 3 4 5 6 7 8 9 10 11 12 13 14 15 16 17 20 | 20.0
Bows           | 1 2 3 4 5 6 7 8 9 10 11 12 13 14 15 16 17 20 | 20.0
Crossbows      | 1 2 3 4 5 6 7 8 9 10 11 12 13 14 15 16 17 20 | 20.1
Throwing       | 1 2 3 4 5 6 7 8 9 10 11 12 13 14 15 16 17 20 | 20.0
Armour         | 1 2 3 4 5 6 7 8 9 10 11 12 13 14 15 16 17 20 | 20.0
Shields        | 1 2 3 4 5 6 7 8 9 10 11 12 13 14 15 16 17 20 | 20.0
Unarmed Combat | 1 2 3 4 5 6 7 8 9 10 11 12 13 14 15 16 17 20 | 20.0
Evocations     | 1 2 3 4 5 6 7 8 9 10 11 12 13 14 15 16 17 20 | 20.0
Hexes          | 1 2 3 4 5 6 7 8 9 10 11 12 13 14 17 | 17.3
Summonings     | 1 2 3 4 5 6 7 8 9 10 11 12 13 14 17 | 17.3
Necromancy     | 1 2 3 4 5 6 7 8 9 10 11 12 13 14 15 16 20 | 20.2
Translocations | 1 2 3 4 5 6 7 8 9 10 11 12 13 14 17 | 17.3
Transmutations | 1 2 3 4 5 6 7 8 9 10 11 12 13 14 17 | 17.3
Fire Magic     | 1 2 3 4 5 6 7 8 9 10 11 12 13 14 17 | 17.3
Ice Magic      | 1 2 3 4 5 6 7 8 9 10 11 12 13 14 17 | 17.3
Air Magic      | 1 2 3 4 5 6 7 8 9 10 11 12 13 14 17 | 17.3
Earth Magic    | 1 2 3 4 5 6 7 8 9 10 11 12 13 14 17 | 17.3
Poison Magic   | 1 2 3 4 5 6 7 8 9 10 11 12 13 14 17 | 17.3
Dodging        | 5 6 7 8 9 10 11 12 13 14 15 16 17 20 | 20.4
Stealth        | 5 6 7 8 9 10 11 12 13 14 15 16 17 20 | 20.3
Conjurations   | 8 9 10 11 12 13 14 15 16 18 | 18.3

Action                   |  1- 3 |  4- 6 |  7- 9 | 10-12 | 13-15 | 16-18 | 19-21 | 22-24 | 25-27 || total
-------------------------+-------+-------+-------+-------+-------+-------+-------+-------+-------++-------
Melee: Short sword       |       |       |    40 |       |       |       |       |       |       ||    40
       Bite              |       |       |     5 |    22 |   121 |   227 |   188 |    73 |   327 ||   963
       Punch             |       |       |     3 |     3 |       |       |       |       |       ||     6
       Long sword        |       |       |    14 |       |       |       |       |       |       ||    14
       Scimitar          |       |       |     1 |    16 |       |       |       |       |       ||    17
       Morningstar       |       |       |       |   115 |   139 |       |       |       |       ||   254
       Staff             |       |       |       |     7 |   391 |   799 |   690 |   281 |       ||  2168
       Rapier            |       |       |       |       |       |       |       |    18 |  1246 ||  1264
 Fire: Hunting sling     |       |       |     4 |    20 |       |       |       |       |       ||    24
       Fustibalus        |       |       |       |       |       |     4 |       |       |       ||     4
Throw: Dart              |       |       |       |       |     1 |       |       |       |       ||     1
       Boomerang         |       |       |       |       |       |       |       |       |   178 ||   178
 Cast: Magic Dart        |    54 |   117 |   160 |   100 |    82 |   138 |    40 |    29 |    17 ||   737
       Searing Ray       |     4 |     9 |    48 |    22 |    45 |    30 |     3 |     5 |     5 ||   171
       Iskenderun's Myst |       |       |     1 |    12 |    24 |    22 |     9 |    25 |    29 ||   122
       Olgreb's Toxic Ra |       |       |       |    73 |   232 |   308 |   280 |   225 |   219 ||  1337
       Ignite Poison     |       |       |       |     7 |    57 |    64 |    69 |    61 |    66 ||   324
       Summon Lightning  |       |       |       |     6 |    12 |    55 |    38 |    17 |       ||   128
       Fulminant Prism   |       |       |       |     3 |     6 |    11 |     5 |     3 |       ||    28
       Fireball          |       |       |       |       |       |    27 |    20 |    28 |    24 ||    99
       Lightning Bolt    |       |       |       |       |       |    18 |    43 |    21 |     4 ||    86
       Airstrike         |       |       |       |       |       |    10 |     8 |    51 |   194 ||   263
       Blink             |       |       |       |       |       |     1 |       |     1 |    15 ||    17
       Ozocubu's Refrige |       |       |       |       |       |       |    47 |   171 |   476 ||   694
       Yara's Violent Un |       |       |       |       |       |       |       |     3 |       ||     3
       Slow              |       |       |       |       |       |       |       |     3 |       ||     3
       Iron Shot         |       |       |       |       |       |       |       |     5 |    47 ||    52
       Spellforged Servi |       |       |       |       |       |       |       |       |    47 ||    47
       Lehudib's Crystal |       |       |       |       |       |       |       |       |   152 ||   152
       Necromutation     |       |       |       |       |       |       |       |       |    27 ||    27
Invok: Slouch            |       |       |       |       |       |       |     1 |       |    16 ||    17
Evoke: Wand              |       |       |       |     1 |     1 |     3 |     1 |     1 |    13 ||    20
       Lightning rod     |       |       |       |       |     1 |     3 |       |       |     2 ||     6
       Tin of tremorston |       |       |       |       |     1 |     2 |       |       |     2 ||     5
       Box of beasts     |       |       |       |       |       |     1 |       |       |     1 ||     2
       Phantom mirror    |       |       |       |       |       |       |       |       |     1 ||     1
  Use: Potion            |       |     2 |     1 |     1 |     1 |     3 |       |     1 |    19 ||    28
       Scroll            |       |     7 |     4 |     3 |     8 |    19 |     7 |    11 |    41 ||   100
 Stab: Sleeping          |       |       |     4 |       |       |     3 |       |     3 |    44 ||    54
       Petrified         |       |       |       |       |     2 |       |       |       |       ||     2
       Distracted        |       |       |       |       |     1 |    15 |     4 |     4 |    16 ||    40
Armor: Robe              |       |     2 |    13 |    36 |       |       |    10 |       |       ||    61
       Ring mail         |       |       |       |    10 |    80 |   185 |    73 |       |       ||   348
       Scale mail        |       |       |       |       |       |       |       |    86 |    49 ||   135
       Leather armour    |       |       |       |       |       |       |       |    14 |     4 ||    18
       Quicksilver drago |       |       |       |       |       |       |       |       |   352 ||   352
       Chain mail        |       |       |       |       |       |       |       |       |     5 ||     5
Dodge: Dodged            |     1 |     6 |    59 |   178 |   402 |   540 |   328 |   313 |  1341 ||  3168
Block: Other             |       |     2 |    19 |    39 |       |       |       |       |       ||    60
       Reflection        |       |     1 |     5 |     1 |     7 |    27 |    53 |    75 |    56 ||   225
       Kite shield       |       |       |       |    47 |   596 |   927 |   578 |   268 |       ||  2416
       Buckler           |       |       |       |       |       |       |       |   105 |  1234 ||  1339
       Rpst.: Long sword |       |       |     2 |       |       |       |       |       |       ||     2
       Scimitar          |       |       |     1 |     5 |       |       |       |       |       ||     6

Levels and vault maps discovered:
D:1:      mainiacjoe_arrival_reflecting_pool, layout_loops_ring,
          minmay_misc_feat_cross, minmay_misc_feat_tower
D:2:      layout_loops_ring, old_standard_altar, nicolae_overflow_hidden_temple,
          tso_altar, uniq_sigmund
D:3:      layout_rooms, hangedman_decor_points, uniq_natasha
D:4:      layout_layer_cave, lemuel_round_altar, nicolae_overflow_crystal_walls,
          nicolae_gozag_cash_rules_everything_around_me, kennysheep_little_box,
          serial_shops, nicolae_shop_waterfront, kennysheep_cross_bottleneck
D:5:      layout_loops_ring, lemuel_coloured_pillars_altar,
          grunt_qazlal_sundering
D:6:      layout_gridville, kennysheep_mini, minmay_temple_entry_from_below_b,
          hangedman_decor_lopped
D:7:      layout_basic, zin_purify, lemuel_doored_altar,
          gammafunk_ghost_nasty_kobolds, okawaru_humans
D:8:      layout_loops_ring, uniq_erica
D:9:      layout_rooms, kiku_gazebo_pond_becter, enter_bailey_5, special_room
          [special_room_kobold], kennysheep_cross_room
D:10:     layout_basic, ploomutoo_gammafunk_ghost_potion_laboratory,
          nicolae_ru_sacrificial_ziggurat
D:11:     layout_basic, erik_lair_island, serial_shops, shop,
          gammafunk_ghost_necromancy, minmay_misc_feat_encased,
          minmay_misc_feat_tiny
D:12:     layout_loops_cross, orc_0_dummy
D:13:     layout_long_grid, special_room [special_room_orc], basic_altar,
          minivault_14, kennysheep_generic_room_8
D:14:     layout_roguey, grunt_vaults_entry_fortified, serial_undead,
          serial_undead_d, serial_undead_b, serial_undead_e, serial_undead_a,
          serial_shops, nicolae_shop_waterfront, yredelemnul_altar_generic,
          uniq_snorg
D:15:     gammafunk_depths_entry_grave, layout_basic, serial_park_tiny_1,
          minivault_5, minmay_evil_grid
Temple:   kb_corrupted_temple
Lair:1:   layout_chaotic_city, st_stairs_6, chequers_serial_rivers_micro_b,
          fungi_pond_lemuel, serial_bayou_lagoon_a, kennysheep_snail_temple
Lair:2:   cheibrodos_lair_overgrown_chateau, layout_misc_corridors,
          dummy_spider_entry, ebering_ghost_disaster_area
Lair:3:   layout_cave_pods, grunt_forest_small_clearing_treed
Lair:4:   layout_hall_layers, minmay_swamp_entry_wisps, grunt_megastairs_1
Lair:5:   layout_cave_pods, gauntlet_entry_generic
Lair:6:   evilmike_catoblepas_cave, layout_loops_ring, slime_altar_1
Swamp:1:  cheibrodos_swamp_monstrosity, layout_falls_marsh,
          evilmike_swamp_ruin_house_1, swamp_pool1, uniq_roxanne
Swamp:2:  layout_basic_swamp, evilmike_swamp_ruin_rubble_1
Swamp:3:  layout_basic_swamp, evilmike_swamp_ruin_house_3, uniq_mara
Swamp:4:  nzn_swamp_witches_coven, layout_basic_swamp
Spider:1: layout_spider_delve, spiders_nest_spider_trap
Spider:2: layout_chambers, special_room [special_room_bee]
Spider:3: layout_spider_delve
Spider:4: grunt_spider_rune_circles, uniq_arachne
Slime:1:  layout_caves, cheibrodos_slime_lost_civilization_6
Slime:2:  layout_caves, uniq_dissolution
Slime:3:  layout_caves
Slime:4:  layout_caves
Slime:5
Orc:1:    layout_diamond_mine, portal_ice_cave_entry_imps, basic_altar,
          minmay_shop_mass
Orc:2:    grunt_orc_gardens, layout_caves, grunt_orc_garden, grunt_orc_garden,
          grunt_orc_garden, grunt_orc_garden, special_room
Elf:1:    minmay_the_grid_square_5x5_4x4_mashed
          [minmay_the_grid_square_5x5_detours, minmay_the_grid_square_5x5_c,
          minmay_the_grid_square_5x5_doubleslash,
          minmay_the_grid_square_5x5_eight,
          minmay_the_grid_square_5x5_checkered,
          minmay_the_grid_square_5x5_prize_monsterx,
          minmay_the_grid_square_5x5_prize_snowflake,
          minmay_the_grid_square_5x5_moneybag,
          minmay_the_grid_square_5x5_shuriken,
          minmay_the_grid_square_5x5_prize_open,
          minmay_the_grid_square_5x5_prize_pseudospiral,
          minmay_the_grid_square_5x5_shrine1,
          minmay_the_grid_square_5x5_hourglass,
          minmay_the_grid_square_5x5_checkered_sparse,
          minmay_the_grid_square_5x5_mess,
          minmay_the_grid_square_5x5_gyroscope], layout_onion_city
Elf:2:    layout_loops_corners, serial_shops, shop, hex_medium,
          grunt_ministairs_13, hangedman_elf_simple_split, uniq_azrael
Elf:3:    minmay_elf_hall_circle, layout_geoelf_diagonals, ebering_ghost_xom,
          serial_sigils_hangedman_gnaw, uniq_donald
Vaults:1: hangedman_vaults_pinch, hangedman_vaults_stretched_pinwheel,
          v_pattern_1, vaults_room_hangedman_quadrants, vaults_mumra_hexcomb,
          vaults_room_fours, layout_vaults_quadrants, uniq_aizul
Vaults:2: gammafunk_vaults_ghost_fury_of_okawaru, nicolae_vaults_sealed_display,
          v_misc_8, vaults_dpeg_diagonal, vaults_room_large_hall, v_misc_23,
          nicolae_vaults_little_squares_6, minmay_crypt_entry_simple_statues,
          vaults_mumra_minichess, layout_vaults_big_room
Vaults:3: v_misc_22, hangedman_vaults_corner_blocks, hangedman_vaults_capsules,
          hangedman_vaults_corner_blocks, hangedman_vaults_maws,
          nicolae_vaults_diagonal_hallway_7, nicolae_vaults_hallways_thing,
          v_alt_pattern_6, nicolae_vaults_theta,
          vaults_room_grunt_arrival_checkpoint, v_pattern_4,
          nicolae_vaults_statue_guard, nicolae_vaults_windows_and_doors_thing,
          layout_vaults_omnicross, serial_shops, nicolae_shop_window_shopping,
          uniq_margery
Vaults:4: hangedman_vaults_restitches, nicolae_vaults_network_periphery,
          v_misc_25, sword_in_stone, vaults_mumra_chevron_long,
          hangedman_vaults_trim, grunt_vaults_trifunnel, v_misc_23, v_misc_5,
          nicolae_vaults_little_squares_6, v_misc_4, layout_vaults_maze_snakey
Vaults:5: serial_shops
Crypt:1:  layout_gridlike, grunt_crypt_arrival_split
Crypt:2:  layout_basic, ebering_ghost_rock_garden, uniq_jory, uniq_saint_roka
Crypt:3:  grunt_crypt_end_deaths_head, uniq_khufu
Tomb:1
Tomb:2
Depths:1: layout_cave_pools, grunt_decor_arrowhead, hell_entry,
          abyss_entry_flame_altar, dpeg_stationary_puzzle, serial_bayou_shore_b,
          roderic_lattice_octagonal_star, kennysheep_random_hallway, uniq_sojobo
Depths:2: minmay_bloctagon, layout_gridlike, grunt_mini_vestibule,
          minmay_staircase_windowed_large, serial_shops, shop,
          abyss_entry_small_statue_room, pan_entry, grunt_megastairs_4
Depths:3: minmay_octagon_city, layout_cave_pools, pan_entry, solitary_fountain,
          hell_entry, uniq_frederick
Depths:4: ragdoll_tomb_raider, layout_cave_shapes, minmay_staircase_bubble,
          pf_coc_iceberg, abyss_entry, gammafunk_ghost_berserking_beasts,
          minmay_shoptagon
Depths:5: grunt_crosshair, layout_gridlike, enter_ziggurat_b, hell_entry,
          chequers_serial_rivers_micro_a, minmay_acid_items,
          serial_bayou_shore_a, minmay_shop_star, serial_bayou_shore_b
Zot:1:    layout_twisted_circle
Zot:2:    infiniplex_zot_generator, layout_basic, hangedman_spider_trapstep
Zot:3:    layout_gridlike
Zot:4:    layout_onion_interference
Zot:5:    layout_basic, door_vault

Notes
Turn   | Place    | Note
-------+----------+-------------------------------------------
     0 | D:1      | phalm the Gnoll Conjurer began the quest for the Orb.
     0 | D:1      | Reached XP level 1. HP: 13/13 MP: 6/6
     0 | D:1      | magus.rc [v1.9.10]
   169 | D:1      | Reached XP level 2. HP: 19/19 MP: 3/7
   175 | D:1      | Learned a level 2 spell: Searing Ray
   594 | D:1      | Reached XP level 3. HP: 25/25 MP: 6/9
   644 | D:1      | Reached skill level 5 in Spellcasting
  1102 | D:2      | Reached skill level 1 in Invocations
  1275 | D:2      | Reached skill level 1 in Fighting
  1275 | D:2      | Reached skill level 1 in Short Blades
  1275 | D:2      | Reached skill level 1 in Long Blades
  1275 | D:2      | Reached skill level 1 in Axes
  1275 | D:2      | Reached skill level 1 in Maces & Flails
  1275 | D:2      | Reached skill level 1 in Polearms
  1275 | D:2      | Reached skill level 1 in Staves
  1275 | D:2      | Reached skill level 1 in Slings
  1275 | D:2      | Reached skill level 1 in Bows
  1275 | D:2      | Reached skill level 1 in Crossbows
  1275 | D:2      | Reached skill level 1 in Throwing
  1275 | D:2      | Reached skill level 1 in Armour
  1275 | D:2      | Reached skill level 1 in Shields
  1275 | D:2      | Reached skill level 1 in Unarmed Combat
  1275 | D:2      | Reached skill level 1 in Evocations
  1275 | D:2      | Reached XP level 4. HP: 27/32 MP: 1/11
  1624 | D:2      | Noticed Sigmund
  1847 | D:2      | Found a blossoming altar of Fedhas.
  2013 | D:2      | HP: 4/32 [Sigmund/puff of flame (6)]
  2014 | D:2      | Killed Sigmund
  2015 | D:2      | Reached skill level 1 in Hexes
  2015 | D:2      | Reached skill level 1 in Summonings
  2015 | D:2      | Reached skill level 1 in Necromancy
  2015 | D:2      | Reached skill level 1 in Translocations
  2015 | D:2      | Reached skill level 1 in Transmutations
  2015 | D:2      | Reached skill level 1 in Fire Magic
  2015 | D:2      | Reached skill level 1 in Ice Magic
  2015 | D:2      | Reached skill level 1 in Air Magic
  2015 | D:2      | Reached skill level 1 in Earth Magic
  2015 | D:2      | Reached skill level 1 in Poison Magic
  2015 | D:2      | Reached skill level 2 in Invocations
  2015 | D:2      | Reached XP level 5. HP: 6/38 MP: 3/12
  2015 | D:2      | Reached XP level 6. HP: 6/44 MP: 3/13
  2319 | D:2      | Found a hazy altar of Hepliaklqana.
  2487 | D:2      | Found a glowing golden altar of the Shining One.
  3239 | D:3      | Reached skill level 5 in Dodging
  3308 | D:3      | Noticed Natasha
  3312 | D:3      | Killed Natasha
  3313 | D:3      | Reached skill level 2 in Fighting
  3313 | D:3      | Reached skill level 2 in Short Blades
  3313 | D:3      | Reached skill level 2 in Long Blades
  3313 | D:3      | Reached skill level 2 in Axes
  3313 | D:3      | Reached skill level 2 in Maces & Flails
  3313 | D:3      | Reached skill level 2 in Polearms
  3313 | D:3      | Reached skill level 2 in Staves
  3313 | D:3      | Reached skill level 2 in Slings
  3313 | D:3      | Reached skill level 2 in Bows
  3313 | D:3      | Reached skill level 2 in Crossbows
  3313 | D:3      | Reached skill level 2 in Throwing
  3313 | D:3      | Reached skill level 2 in Armour
  3313 | D:3      | Reached skill level 2 in Shields
  3313 | D:3      | Reached skill level 2 in Unarmed Combat
  3313 | D:3      | Reached skill level 2 in Evocations
  3456 | D:3      | Noticed Natasha
  3461 | D:3      | Killed Natasha
  3529 | D:3      | Noticed Natasha
  3535 | D:3      | Killed Natasha
  3656 | D:4      | Reached XP level 7. HP: 32/50 MP: 7/15
  4087 | D:4      | Found Tutaxtuto's Antique Weapon Boutique.
  4129 | D:4      | Reached skill level 2 in Hexes
  4129 | D:4      | Reached skill level 2 in Summonings
  4129 | D:4      | Reached skill level 2 in Necromancy
  4129 | D:4      | Reached skill level 2 in Translocations
  4129 | D:4      | Reached skill level 2 in Transmutations
  4129 | D:4      | Reached skill level 2 in Fire Magic
  4129 | D:4      | Reached skill level 2 in Ice Magic
  4129 | D:4      | Reached skill level 2 in Air Magic
  4129 | D:4      | Reached skill level 2 in Earth Magic
  4129 | D:4      | Reached skill level 2 in Poison Magic
  4192 | D:4      | Found a burning altar of Makhleb.
  4299 | D:4      | Learned a level 4 spell: Fulminant Prism
  4304 | D:4      | Learned a level 4 spell: Iskenderun's Mystic Blast
  4460 | D:4      | Found a radiant altar of Vehumet.
  4849 | D:4      | Found an iron altar of Okawaru.
  4964 | D:4      | Found an opulent altar of Gozag.
  5017 | D:5      | Entered Level 5 of the Dungeon
  5031 | D:5      | Reached skill level 5 in Stealth
  5115 | D:5      | Reached skill level 3 in Invocations
  5350 | D:5      | Found a stormy altar of Qazlal.
  5708 | D:5      | Reached XP level 8. HP: 52/57 MP: 7/16
  5715 | D:5      | Reached skill level 3 in Fighting
  5715 | D:5      | Reached skill level 3 in Short Blades
  5715 | D:5      | Reached skill level 3 in Long Blades
  5715 | D:5      | Reached skill level 3 in Axes
  5715 | D:5      | Reached skill level 3 in Maces & Flails
  5715 | D:5      | Reached skill level 3 in Polearms
  5715 | D:5      | Reached skill level 3 in Staves
  5715 | D:5      | Reached skill level 3 in Slings
  5715 | D:5      | Reached skill level 3 in Bows
  5715 | D:5      | Reached skill level 3 in Crossbows
  5715 | D:5      | Reached skill level 3 in Throwing
  5715 | D:5      | Reached skill level 3 in Armour
  5715 | D:5      | Reached skill level 3 in Shields
  5715 | D:5      | Reached skill level 3 in Unarmed Combat
  5715 | D:5      | Reached skill level 3 in Evocations
  5822 | D:5      | You add the spells Sting, Poisonous Vapours, Mephitic
                  | Cloud, Ignite Poison and Olgreb's Toxic Radiance to your
                  | library.
  5979 | D:5      | Found a broken altar of Ashenzari.
  6240 | D:6      | Reached skill level 6 in Spellcasting
  6995 | D:6      | Found a staircase to the Ecumenical Temple.
  7058 | D:6      | Reached skill level 3 in Hexes
  7058 | D:6      | Reached skill level 3 in Summonings
  7058 | D:6      | Reached skill level 3 in Necromancy
  7058 | D:6      | Reached skill level 3 in Translocations
  7058 | D:6      | Reached skill level 3 in Transmutations
  7058 | D:6      | Reached skill level 3 in Fire Magic
  7058 | D:6      | Reached skill level 3 in Ice Magic
  7058 | D:6      | Reached skill level 3 in Air Magic
  7058 | D:6      | Reached skill level 3 in Earth Magic
  7058 | D:6      | Reached skill level 3 in Poison Magic
  7058 | D:6      | Reached skill level 4 in Invocations
  7225 | D:6      | You pick up a book of Callings and begin reading...
  7225 | D:6      | You add the spells Summon Small Mammal, Call Imp, Call
                  | Canine Familiar, Summon Guardian Golem, Summon Lightning
                  | Spire and Summon Ice Beast to your library.
  7244 | D:6      | Learned a level 4 spell: Olgreb's Toxic Radiance
  7248 | D:6      | Learned a level 3 spell: Ignite Poison
  7255 | D:6      | Found a sacrificial altar of Ru.
  7360 | D:7      | Found a runed translucent gate.
  7360 | D:7      | Found a runed translucent gate.
  7360 | D:7      | Found a runed translucent gate.
  7362 | D:7      | Noticed Zeld's ghost (novice FoEE)
  7368 | D:7      | Identified the +9 dagger "Neis" {drain, Int+5 SInv}
  7476 | D:7      | Reached skill level 6 in Dodging
  7480 | D:7      | Reached XP level 9. HP: 65/65 MP: 7/18
  7567 | D:7      | Found a hide-covered altar of Uskayaw.
  7768 | Temple   | Entered the Ecumenical Temple
  7896 | Temple   | Became a worshipper of Cheibriados the Contemplative
  7988 | D:7      | Found an iron altar of Okawaru.
  7997 | D:7      | Reached skill level 4 in Fighting
  7997 | D:7      | Reached skill level 4 in Short Blades
  7997 | D:7      | Reached skill level 4 in Long Blades
  7997 | D:7      | Reached skill level 4 in Axes
  7997 | D:7      | Reached skill level 4 in Maces & Flails
  7997 | D:7      | Reached skill level 4 in Polearms
  7997 | D:7      | Reached skill level 4 in Staves
  7997 | D:7      | Reached skill level 4 in Slings
  7997 | D:7      | Reached skill level 4 in Bows
  7997 | D:7      | Reached skill level 4 in Crossbows
  7997 | D:7      | Reached skill level 4 in Throwing
  7997 | D:7      | Reached skill level 4 in Armour
  7997 | D:7      | Reached skill level 4 in Shields
  7997 | D:7      | Reached skill level 4 in Unarmed Combat
  7997 | D:7      | Reached skill level 4 in Evocations
  8144 | D:7      | Reached skill level 6 in Stealth
  8144 | D:7      | Reached skill level 8 in Conjurations
  8272 | D:7      | Found Zin's Purification Station.
  8277 | D:7      | Found a glowing silver altar of Zin.
  8319 | D:7      | Got a translucent ring mail
  8330 | D:7      | Identified the +2 ring mail of Failure {rElec rC++ Dex+4}
                  | (You found it on level 7 of the Dungeon)
  8918 | D:8      | Noticed Erica
  8926 | D:8      | Killed Erica
  8927 | D:8      | Reached skill level 5 in Invocations
  8938 | D:8      | HP: 16/66 [poisoned by Erica (bolt of poison)]
  8945 | D:8      | HP: 16/66 [poisoned by Erica (bolt of poison)]
  8953 | D:8      | HP: 16/66 [poisoned by Erica (bolt of poison)]
  9427 | D:8      | Reached * piety under Cheibriados
  9846 | D:9      | Found a flagged portal.
  9910 | Bailey   | Entered a bailey
  9924 | Bailey   | Noticed an orc knight
  9925 | Bailey   | Noticed an orc knight
  9928 | Bailey   | Noticed an orc knight
 10009 | Bailey   | Reached skill level 7 in Spellcasting
 10152 | Bailey   | Reached ** piety under Cheibriados
 10175 | Bailey   | Killed an orc knight
 10176 | Bailey   | Reached skill level 4 in Hexes
 10176 | Bailey   | Reached skill level 4 in Summonings
 10176 | Bailey   | Reached skill level 4 in Necromancy
 10176 | Bailey   | Reached skill level 4 in Translocations
 10176 | Bailey   | Reached skill level 4 in Transmutations
 10176 | Bailey   | Reached skill level 4 in Fire Magic
 10176 | Bailey   | Reached skill level 4 in Ice Magic
 10176 | Bailey   | Reached skill level 4 in Air Magic
 10176 | Bailey   | Reached skill level 4 in Earth Magic
 10176 | Bailey   | Reached skill level 4 in Poison Magic
 10176 | Bailey   | Reached XP level 10. HP: 65/73 MP: 9/20
 10251 | Bailey   | Reached skill level 5 in Fighting
 10251 | Bailey   | Reached skill level 5 in Short Blades
 10251 | Bailey   | Reached skill level 5 in Long Blades
 10251 | Bailey   | Reached skill level 5 in Axes
 10251 | Bailey   | Reached skill level 5 in Maces & Flails
 10251 | Bailey   | Reached skill level 5 in Polearms
 10251 | Bailey   | Reached skill level 5 in Staves
 10251 | Bailey   | Reached skill level 5 in Slings
 10251 | Bailey   | Reached skill level 5 in Bows
 10251 | Bailey   | Reached skill level 5 in Crossbows
 10251 | Bailey   | Reached skill level 5 in Throwing
 10251 | Bailey   | Reached skill level 5 in Armour
 10251 | Bailey   | Reached skill level 5 in Shields
 10251 | Bailey   | Reached skill level 5 in Unarmed Combat
 10251 | Bailey   | Reached skill level 5 in Evocations
 10299 | Bailey   | Killed an orc knight
 10352 | Bailey   | Reached skill level 7 in Dodging
 10543 | Bailey   | Killed an orc knight
 10882 | Bailey   | Identified the Papyrus of Floating Execration
 10883 | Bailey   | You add the spells Corona, Cause Fear and Tornado to your
                  | library.
 11405 | D:9      | Reached skill level 6 in Invocations
 11505 | D:9      | Got a steaming leather armour
 11517 | D:9      | Identified the +0 leather armour of the Black Moon {Rampage
                  | rElec Will+ Stlth+} (You found it on level 9 of the
                  | Dungeon)
 11633 | D:9      | Found an ancient bone altar of Kikubaaqudgha.
 11696 | D:9      | Reached *** piety under Cheibriados
 11730 | D:9      | Reached skill level 7 in Stealth
 11900 | D:9      | Got an ichor-stained morningstar
 11901 | D:9      | Identified the +7 morningstar of Conservatism {vorpal, rC+}
                  | (You found it on level 9 of the Dungeon)
 12070 | D:9      | Noticed a kobold demonologist
 12075 | D:9      | Killed a kobold demonologist
 12196 | D:9      | Learned a level 4 spell: Summon Lightning Spire
 12291 | D:10     | Entered Level 10 of the Dungeon
 12323 | D:10     | Reached **** piety under Cheibriados
 12634 | D:7      | Reached XP level 11. HP: 62/80 MP: 10/22
 12648 | D:7      | Killed Zeld's ghost
 12649 | D:7      | Reached skill level 6 in Fighting
 12649 | D:7      | Reached skill level 6 in Short Blades
 12649 | D:7      | Reached skill level 6 in Long Blades
 12649 | D:7      | Reached skill level 6 in Axes
 12649 | D:7      | Reached skill level 6 in Maces & Flails
 12649 | D:7      | Reached skill level 6 in Polearms
 12649 | D:7      | Reached skill level 6 in Staves
 12649 | D:7      | Reached skill level 6 in Slings
 12649 | D:7      | Reached skill level 6 in Bows
 12649 | D:7      | Reached skill level 6 in Crossbows
 12649 | D:7      | Reached skill level 6 in Throwing
 12649 | D:7      | Reached skill level 6 in Armour
 12649 | D:7      | Reached skill level 6 in Shields
 12649 | D:7      | Reached skill level 6 in Unarmed Combat
 12649 | D:7      | Reached skill level 6 in Evocations
 12840 | D:7      | You pick up a book of Changes and begin reading...
 12840 | D:7      | You add the spells Beastly Appendage, Wereblood, Spider
                  | Form, Ice Form and Blade Hands to your library.
 12920 | D:10     | Reached skill level 5 in Hexes
 12920 | D:10     | Reached skill level 5 in Summonings
 12920 | D:10     | Reached skill level 5 in Necromancy
 12920 | D:10     | Reached skill level 5 in Translocations
 12920 | D:10     | Reached skill level 5 in Transmutations
 12920 | D:10     | Reached skill level 5 in Fire Magic
 12920 | D:10     | Reached skill level 5 in Ice Magic
 12920 | D:10     | Reached skill level 5 in Air Magic
 12920 | D:10     | Reached skill level 5 in Earth Magic
 12920 | D:10     | Reached skill level 5 in Poison Magic
 13008 | D:10     | Found a sacrificial altar of Ru.
 13041 | D:10     | Noticed a two-headed ogre
 13052 | D:10     | Killed a two-headed ogre
 13053 | D:10     | Reached skill level 8 in Spellcasting
 13321 | D:10     | Noticed a purple very ugly thing
 13322 | D:10     | Found a runed translucent gate.
 13322 | D:10     | Found a runed translucent gate.
 13322 | D:10     | Found a runed translucent gate.
 13324 | D:10     | Noticed a purple ugly thing
 13324 | D:10     | Noticed a purple ugly thing
 13324 | D:10     | Noticed a glowing orange brain
 13325 | D:10     | Noticed a cyan ugly thing
 13332 | D:10     | Noticed a green ugly thing
 13333 | D:10     | Noticed a red ugly thing
 13756 | D:11     | Noticed a cyclops
 13770 | D:11     | Killed a cyclops
 13899 | D:11     | Reached ***** piety under Cheibriados
 13908 | D:11     | Reached skill level 9 in Conjurations
 13908 | D:11     | Reached skill level 7 in Invocations
 13909 | D:11     | Reached skill level 8 in Dodging
 14229 | D:11     | Found a runed translucent gate.
 14229 | D:11     | Found a runed translucent gate.
 14229 | D:11     | Found a staircase to the Lair.
 14230 | D:11     | Found a runed translucent gate.
 14239 | D:11     | Noticed hawla's ghost (journeyman DrCj)
 14242 | D:11     | Noticed a cyan ugly thing
 14244 | D:11     | Noticed a brown ugly thing
 14251 | D:11     | Killed a cyan ugly thing
 14254 | D:11     | Killed an unseen horror
 14254 | D:11     | Killed a cyan ugly thing
 14566 | D:11     | Found Boewk's Antique Weapon Boutique.
 14705 | Lair:1   | Entered Level 1 of the Lair of Beasts
 14714 | Lair:1   | Reached skill level 8 in Stealth
 14961 | Lair:1   | Reached XP level 12. HP: 81/89 MP: 12/24
 14968 | Lair:1   | Reached skill level 7 in Fighting
 14968 | Lair:1   | Reached skill level 7 in Short Blades
 14968 | Lair:1   | Reached skill level 7 in Long Blades
 14968 | Lair:1   | Reached skill level 7 in Axes
 14968 | Lair:1   | Reached skill level 7 in Maces & Flails
 14968 | Lair:1   | Reached skill level 7 in Polearms
 14968 | Lair:1   | Reached skill level 7 in Staves
 14968 | Lair:1   | Reached skill level 7 in Slings
 14968 | Lair:1   | Reached skill level 7 in Bows
 14968 | Lair:1   | Reached skill level 7 in Crossbows
 14968 | Lair:1   | Reached skill level 7 in Throwing
 14968 | Lair:1   | Reached skill level 7 in Armour
 14968 | Lair:1   | Reached skill level 7 in Shields
 14968 | Lair:1   | Reached skill level 7 in Unarmed Combat
 14968 | Lair:1   | Reached skill level 7 in Evocations
 15115 | Lair:1   | Found a snail-covered altar of Cheibriados.
 15240 | Lair:1   | Noticed an eight-headed hydra
 15250 | Lair:1   | Killed an eight-headed hydra
 15260 | Lair:1   | HP: 20/91 [cane toad (10)]
 15646 | Lair:1   | Reached skill level 6 in Hexes
 15646 | Lair:1   | Reached skill level 6 in Summonings
 15646 | Lair:1   | Reached skill level 6 in Necromancy
 15646 | Lair:1   | Reached skill level 6 in Translocations
 15646 | Lair:1   | Reached skill level 6 in Transmutations
 15646 | Lair:1   | Reached skill level 6 in Fire Magic
 15646 | Lair:1   | Reached skill level 6 in Ice Magic
 15646 | Lair:1   | Reached skill level 6 in Air Magic
 15646 | Lair:1   | Reached skill level 6 in Earth Magic
 15646 | Lair:1   | Reached skill level 6 in Poison Magic
 15646 | Lair:1   | Reached ****** piety under Cheibriados
 15647 | Lair:1   | Reached skill level 9 in Spellcasting
 15647 | Lair:1   | Reached skill level 8 in Invocations
 16672 | Lair:2   | You pick up a book of Ice and begin reading...
 16672 | Lair:2   | You add the spells Metabolic Englaciation, Ozocubu's
                  | Refrigeration, Freezing Cloud and Simulacrum to your
                  | library.
 16877 | Lair:2   | Reached skill level 9 in Dodging
 17003 | Lair:2   | Noticed an eight-headed hydra
 17063 | Lair:2   | Killed an eight-headed hydra
 17064 | Lair:2   | Noticed a death yak
 17065 | Lair:2   | Noticed a death yak
 17079 | Lair:2   | Killed a death yak
 17083 | Lair:2   | Killed a death yak
 17084 | Lair:2   | Reached skill level 9 in Stealth
 17084 | Lair:2   | Reached XP level 13. HP: 95/98 MP: 5/26
 17197 | Lair:2   | Found a large runed translucent door.
 17197 | Lair:2   | Found a large runed translucent door.
 17198 | Lair:2   | Noticed oc3rt's ghost (novice SpHu)
 17286 | Lair:2   | Found a hole to the Spider Nest.
 17506 | Lair:2   | Reached skill level 8 in Fighting
 17506 | Lair:2   | Reached skill level 8 in Short Blades
 17506 | Lair:2   | Reached skill level 8 in Long Blades
 17506 | Lair:2   | Reached skill level 8 in Axes
 17506 | Lair:2   | Reached skill level 8 in Maces & Flails
 17506 | Lair:2   | Reached skill level 8 in Polearms
 17506 | Lair:2   | Reached skill level 8 in Staves
 17506 | Lair:2   | Reached skill level 8 in Slings
 17506 | Lair:2   | Reached skill level 8 in Bows
 17506 | Lair:2   | Reached skill level 8 in Crossbows
 17506 | Lair:2   | Reached skill level 8 in Throwing
 17506 | Lair:2   | Reached skill level 8 in Armour
 17506 | Lair:2   | Reached skill level 8 in Shields
 17506 | Lair:2   | Reached skill level 8 in Unarmed Combat
 17506 | Lair:2   | Reached skill level 8 in Evocations
 17878 | Lair:2   | You pick up a book of Callings and begin reading...
 18068 | Lair:2   | Reached skill level 9 in Invocations
 18309 | Lair:2   | Killed oc3rt's ghost
 18351 | Lair:2   | You pick up a book of Summonings and begin reading...
 18351 | Lair:2   | You add the spells Summon Demon, Summon Forest, Summon Mana
                  | Viper, Shadow Creatures and Summon Hydra to your library.
 18636 | Lair:3   | Reached skill level 10 in Conjurations
 18708 | Lair:3   | You pick up a book of Callings and begin reading...
 18844 | Lair:3   | Reached skill level 7 in Hexes
 18844 | Lair:3   | Reached skill level 7 in Summonings
 18844 | Lair:3   | Reached skill level 7 in Necromancy
 18844 | Lair:3   | Reached skill level 7 in Translocations
 18844 | Lair:3   | Reached skill level 7 in Transmutations
 18844 | Lair:3   | Reached skill level 7 in Fire Magic
 18844 | Lair:3   | Reached skill level 7 in Ice Magic
 18844 | Lair:3   | Reached skill level 7 in Air Magic
 18844 | Lair:3   | Reached skill level 7 in Earth Magic
 18844 | Lair:3   | Reached skill level 7 in Poison Magic
 19940 | Lair:4   | You pick up a book of Minor Magic and begin reading...
 19940 | Lair:4   | You add the spells Blink, Slow and Conjure Flame to your
                  | library.
 19962 | Lair:4   | Found a staircase to the Swamp.
 20119 | Lair:4   | Reached skill level 10 in Spellcasting
 21028 | Lair:4   | Reached XP level 14. HP: 96/106 MP: 18/28
 21193 | Lair:5   | Reached skill level 10 in Dodging
 21196 | Lair:5   | Found a gate leading to a gauntlet.
 21303 | Gauntlet | Entered a Gauntlet
 21303 | Gauntlet | Found a transporter.
 21303 | Gauntlet | Found a runed translucent gate.
 21303 | Gauntlet | Found a runed translucent gate.
 21305 | Gauntlet | Found a runed translucent gate.
 21310 | Gauntlet | Found a transporter.
 21313 | Gauntlet | Found a transporter.
 21324 | Gauntlet | Found a transporter.
 21327 | Gauntlet | Found a transporter.
 21340 | Gauntlet | Found a transporter.
 21357 | Gauntlet | Found a runed translucent door.
 21358 | Gauntlet | Found a transporter.
 21369 | Gauntlet | Found a transporter.
 21381 | Gauntlet | Found a transporter.
 21381 | Gauntlet | Found a runed translucent door.
 21383 | Gauntlet | Found the +9 staff of Wucad Mu {*channel}
 21383 | Gauntlet | Found a runed translucent door.
 21393 | Gauntlet | Found a transporter.
 21393 | Gauntlet | Found a transporter.
 21395 | Gauntlet | Found a transporter.
 21410 | Gauntlet | Found a runed translucent door.
 21415 | Gauntlet | Found a transporter.
 21437 | Gauntlet | Found a transporter.
 21628 | Gauntlet | Reached skill level 9 in Fighting
 21628 | Gauntlet | Reached skill level 9 in Short Blades
 21628 | Gauntlet | Reached skill level 9 in Long Blades
 21628 | Gauntlet | Reached skill level 9 in Axes
 21628 | Gauntlet | Reached skill level 9 in Maces & Flails
 21628 | Gauntlet | Reached skill level 9 in Polearms
 21628 | Gauntlet | Reached skill level 9 in Staves
 21628 | Gauntlet | Reached skill level 9 in Slings
 21628 | Gauntlet | Reached skill level 9 in Bows
 21628 | Gauntlet | Reached skill level 9 in Crossbows
 21628 | Gauntlet | Reached skill level 9 in Throwing
 21628 | Gauntlet | Reached skill level 9 in Armour
 21628 | Gauntlet | Reached skill level 9 in Shields
 21628 | Gauntlet | Reached skill level 9 in Unarmed Combat
 21628 | Gauntlet | Reached skill level 9 in Evocations
 21675 | Gauntlet | Reached skill level 10 in Stealth
 21801 | Gauntlet | HP: 27/108 [poisoned by a minotaur]
 21806 | Gauntlet | HP: 19/108 [poisoned by a minotaur]
 21811 | Gauntlet | HP: 14/108 [poisoned by a minotaur]
 21816 | Gauntlet | HP: 8/108 [poisoned by a minotaur]
 22378 | Lair:5   | Reached skill level 10 in Invocations
 24508 | D:12     | Found a staircase to the Orcish Mines.
 24670 | D:12     | Reached skill level 8 in Hexes
 24670 | D:12     | Reached skill level 8 in Summonings
 24670 | D:12     | Reached skill level 8 in Necromancy
 24670 | D:12     | Reached skill level 8 in Translocations
 24670 | D:12     | Reached skill level 8 in Transmutations
 24670 | D:12     | Reached skill level 8 in Fire Magic
 24670 | D:12     | Reached skill level 8 in Ice Magic
 24670 | D:12     | Reached skill level 8 in Air Magic
 24670 | D:12     | Reached skill level 8 in Earth Magic
 24670 | D:12     | Reached skill level 8 in Poison Magic
 25249 | Orc:1    | Entered Level 1 of the Orcish Mines
 25249 | Orc:1    | Found a frozen archway.
 25274 | IceCv    | Entered an ice cave
 26040 | IceCv    | Reached XP level 15. HP: 113/115 MP: 15/29
 26823 | IceCv    | Noticed a frost giant
 26833 | IceCv    | Killed a frost giant
 27137 | Orc:2    | Entered Level 2 of the Orcish Mines
 27217 | Orc:2    | Reached skill level 11 in Spellcasting
 27336 | Orc:2    | Found Ixzoyloza's General Store.
 27547 | Orc:2    | Found Ciutiox's Antique Weapon Emporium.
 27627 | Orc:2    | Found a staircase to the Elven Halls.
 27683 | Orc:2    | Noticed an orc warlord
 27865 | Orc:2    | Killed an orc warlord
 27877 | Orc:2    | Reached skill level 10 in Fighting
 27877 | Orc:2    | Reached skill level 10 in Short Blades
 27877 | Orc:2    | Reached skill level 10 in Long Blades
 27877 | Orc:2    | Reached skill level 10 in Axes
 27877 | Orc:2    | Reached skill level 10 in Maces & Flails
 27877 | Orc:2    | Reached skill level 10 in Polearms
 27877 | Orc:2    | Reached skill level 10 in Staves
 27877 | Orc:2    | Reached skill level 10 in Slings
 27877 | Orc:2    | Reached skill level 10 in Bows
 27877 | Orc:2    | Reached skill level 10 in Crossbows
 27877 | Orc:2    | Reached skill level 10 in Throwing
 27877 | Orc:2    | Reached skill level 10 in Armour
 27877 | Orc:2    | Reached skill level 10 in Shields
 27877 | Orc:2    | Reached skill level 10 in Unarmed Combat
 27877 | Orc:2    | Reached skill level 10 in Evocations
 28010 | Orc:2    | Found Zuczi's Book Shop.
 28067 | Orc:2    | Noticed an orc warlord
 28082 | Orc:2    | Killed an orc warlord
 28281 | Orc:1    | Reached skill level 11 in Dodging
 28753 | Orc:1    | Found Rog Ceiw's Mass Market.
 28968 | Orc:2    | Found Plog's Antique Armour Boutique.
 29126 | Orc:2    | Bought a thick robe for 125 gold pieces
 29136 | Orc:2    | Identified the +2 robe of Light {rElec} (You bought it in a
                  | shop on level 2 of the Orcish Mines)
 29146 | Orc:2    | Bought a runed helmet for 165 gold pieces
 29620 | Lair:2   | magus.rc [v1.9.10]
 29668 | Lair:6   | Entered Level 6 of the Lair of Beasts
 29668 | Lair:6   | Found a viscous altar of Jiyva.
 29724 | Lair:6   | Found a staircase to the Slime Pits.
 29739 | Lair:6   | Reached skill level 11 in Conjurations
 30031 | Lair:6   | Reached skill level 11 in Invocations
 30436 | Lair:6   | Reached skill level 11 in Stealth
 31011 | Lair:6   | Got a glittering brass ring
 31013 | Lair:6   | Identified the ring of Yzxapreo {+Inv rPois Str-2 Int-5
                  | Stlth+} (You found it on level 6 of the Lair of Beasts)
 32194 | D:10     | Found a runed translucent gate.
 32194 | D:10     | Found a runed translucent gate.
 32203 | D:10     | Found a runed translucent gate.
 32203 | D:10     | Noticed pascalblue's ghost (journeyman DECj)
 32219 | D:10     | Gained mutation: You are clumsy. (Dex -2) [a neqoxec]
 32221 | D:10     | Reached XP level 16. HP: 107/123 MP: 13/31
 32240 | D:10     | Killed pascalblue's ghost
 32443 | D:11     | You pick up a book of Flames and begin reading...
 32443 | D:11     | You add the spells Foxfire, Inner Flame, Sticky Flame and
                  | Fireball to your library.
 32450 | D:11     | Learned a level 5 spell: Fireball
 32588 | D:11     | Identified 3 scrolls of acquirement
 32616 | D:11     | Acquired the ring "Vyithoxi" {MP+9 Slay+3 Stlth+}
 32700 | D:11     | Acquired the +1 pair of gloves "Halom" {rC++ rN++ Int-3}
 32716 | D:11     | Acquired a Necronomicon
 32717 | D:11     | You add the spells Haunt, Borgnjor's Revivification,
                  | Infestation, Necromutation and Death's Door to your
                  | library.
 32721 | D:11     | Learned a level 2 spell: Blink
 32889 | D:11     | Killed hawla's ghost
 32999 | D:13     | Reached skill level 9 in Hexes
 32999 | D:13     | Reached skill level 9 in Summonings
 32999 | D:13     | Reached skill level 9 in Necromancy
 32999 | D:13     | Reached skill level 9 in Translocations
 32999 | D:13     | Reached skill level 9 in Transmutations
 32999 | D:13     | Reached skill level 9 in Fire Magic
 32999 | D:13     | Reached skill level 9 in Ice Magic
 32999 | D:13     | Reached skill level 9 in Air Magic
 32999 | D:13     | Reached skill level 9 in Earth Magic
 32999 | D:13     | Reached skill level 9 in Poison Magic
 33059 | D:13     | Got a sheer robe
 33070 | D:13     | Identified the +1 robe of Nemelex Xobeh's Grace {*Drain
                  | +Inv Str+5} (You found it on level 13 of the Dungeon)
 33357 | D:13     | Found a burning altar of Makhleb.
 35170 | D:14     | Found a gate to the Vaults.
 35242 | D:14     | Found Pybut's Assorted Antiques.
 35388 | D:14     | Bought a shimmering spear for 240 gold pieces
 35388 | D:14     | Identified the cursed +1 spear of Terra Cotta {speed,
                  | Str+6} (You bought it in a shop on level 14 of the Dungeon)
 35440 | D:14     | Noticed Snorg
 35448 | D:14     | Killed Snorg
 35524 | D:14     | Reached skill level 11 in Fighting
 35524 | D:14     | Reached skill level 11 in Short Blades
 35524 | D:14     | Reached skill level 11 in Long Blades
 35524 | D:14     | Reached skill level 11 in Axes
 35524 | D:14     | Reached skill level 11 in Maces & Flails
 35524 | D:14     | Reached skill level 11 in Polearms
 35524 | D:14     | Reached skill level 11 in Staves
 35524 | D:14     | Reached skill level 11 in Slings
 35524 | D:14     | Reached skill level 11 in Bows
 35524 | D:14     | Reached skill level 11 in Crossbows
 35524 | D:14     | Reached skill level 11 in Throwing
 35524 | D:14     | Reached skill level 11 in Armour
 35524 | D:14     | Reached skill level 11 in Shields
 35524 | D:14     | Reached skill level 11 in Unarmed Combat
 35524 | D:14     | Reached skill level 11 in Evocations
 35757 | D:14     | Found a basalt altar of Yredelemnul.
 36018 | D:15     | Entered Level 15 of the Dungeon
 36172 | D:15     | Reached skill level 12 in Spellcasting
 36754 | D:15     | Reached skill level 12 in Invocations
 36950 | D:15     | Found a staircase to the Depths.
 37492 | D:15     | Reached skill level 12 in Dodging
 37651 | D:15     | Reached XP level 17. HP: 131/131 MP: 30/33
 38115 | Spider:1 | Entered Level 1 of the Spider Nest
 38327 | Spider:1 | You pick up a book of Cantrips and begin reading...
 38327 | Spider:1 | You add the spells Animate Skeleton and Apportation to your
                  | library.
 38904 | Spider:1 | Reached skill level 12 in Stealth
 41879 | Spider:3 | You pick up a book of Air and begin reading...
 41879 | Spider:3 | You add the spells Shock, Swiftness, Static Discharge,
                  | Airstrike and Lightning Bolt to your library.
 41886 | Spider:3 | Learned a level 5 spell: Lightning Bolt
 41891 | Spider:3 | Learned a level 4 spell: Airstrike
 42090 | Spider:4 | Entered Level 4 of the Spider Nest
 42095 | Spider:4 | Noticed Arachne
 42096 | Spider:4 | Reached skill level 12 in Conjurations
 42294 | Spider:4 | Killed Arachne
 42295 | Spider:4 | Reached skill level 10 in Hexes
 42295 | Spider:4 | Reached skill level 10 in Summonings
 42295 | Spider:4 | Reached skill level 10 in Necromancy
 42295 | Spider:4 | Reached skill level 10 in Translocations
 42295 | Spider:4 | Reached skill level 10 in Transmutations
 42295 | Spider:4 | Reached skill level 10 in Fire Magic
 42295 | Spider:4 | Reached skill level 10 in Ice Magic
 42295 | Spider:4 | Reached skill level 10 in Air Magic
 42295 | Spider:4 | Reached skill level 10 in Earth Magic
 42295 | Spider:4 | Reached skill level 10 in Poison Magic
 43482 | Spider:4 | Reached XP level 18. HP: 131/140 MP: 34/34
 43876 | Spider:4 | Reached skill level 12 in Fighting
 43876 | Spider:4 | Reached skill level 12 in Short Blades
 43876 | Spider:4 | Reached skill level 12 in Long Blades
 43876 | Spider:4 | Reached skill level 12 in Axes
 43876 | Spider:4 | Reached skill level 12 in Maces & Flails
 43876 | Spider:4 | Reached skill level 12 in Polearms
 43876 | Spider:4 | Reached skill level 12 in Staves
 43876 | Spider:4 | Reached skill level 12 in Slings
 43876 | Spider:4 | Reached skill level 12 in Bows
 43876 | Spider:4 | Reached skill level 12 in Crossbows
 43876 | Spider:4 | Reached skill level 12 in Throwing
 43876 | Spider:4 | Reached skill level 12 in Armour
 43876 | Spider:4 | Reached skill level 12 in Shields
 43876 | Spider:4 | Reached skill level 12 in Unarmed Combat
 43876 | Spider:4 | Reached skill level 12 in Evocations
 44255 | Spider:4 | Reached skill level 13 in Invocations
 44600 | Spider:4 | Got a gossamer rune of Zot
 44867 | Swamp:1  | Entered Level 1 of the Swamp
 45129 | Swamp:1  | Noticed a tentacled monstrosity
 45143 | Swamp:1  | Killed a tentacled monstrosity
 45384 | Swamp:1  | Reached skill level 13 in Spellcasting
 45945 | Swamp:1  | You pick up a book of Ice and begin reading...
 45992 | Swamp:1  | Identified Roxanne's Almanac of Moulding
 45992 | Swamp:1  | Noticed Roxanne
 46050 | Swamp:1  | Killed Roxanne
 46207 | Swamp:1  | You add the spells Yara's Violent Unravelling, Statue Form
                  | and Dragon Form to your library.
 46396 | Swamp:2  | Noticed a tentacled monstrosity
 46832 | Swamp:2  | Killed a tentacled monstrosity
 46833 | Swamp:2  | Reached skill level 13 in Dodging
 47558 | Swamp:2  | Got an ichor-stained fustibalus
 47559 | Swamp:2  | Identified the +4 fustibalus "Joczoy" {vorpal, Int+5
                  | Stlth+} (You found it on level 2 of the Swamp)
 47745 | Swamp:3  | Noticed Mara
 47749 | Swamp:3  | Noticed phalm's illusion
 47754 | Swamp:3  | Killed Mara
 47755 | Swamp:3  | Reached skill level 13 in Stealth
 48565 | Swamp:4  | Entered Level 4 of the Swamp
 48573 | Swamp:4  | Acquired 1075 gold pieces
 48629 | Swamp:4  | Paralysed by a fenstrider witch for 4 turns
 48632 | Swamp:4  | HP: 31/141 [four-headed hydra (9)]
 48637 | Swamp:3  | HP: 25/141 [poison]
 48642 | Swamp:3  | HP: 22/141 [poison]
 48647 | Swamp:3  | HP: 21/141 [poison]
 48653 | Swamp:3  | HP: 20/141 [poison]
 48659 | Swamp:3  | HP: 20/141 [poison]
 48666 | Swamp:3  | HP: 20/141 [poison]
 48671 | Swamp:3  | HP: 21/141 [poison]
 48677 | Swamp:3  | HP: 22/141 [poison]
 48683 | Swamp:3  | HP: 23/141 [poison]
 48689 | Swamp:3  | HP: 24/141 [poison]
 49216 | Swamp:4  | Reached XP level 19. HP: 147/147 MP: 21/36
 50402 | Swamp:4  | Identified a +2 robe of the Archmagi
 50970 | Swamp:4  | Got a decaying rune of Zot
 51214 | Lair:2   | Learned a level 6 spell: Ozocubu's Refrigeration
 51393 | Vaults:1 | Entered Level 1 of the Vaults
 51398 | Vaults:1 | Reached skill level 11 in Hexes
 51398 | Vaults:1 | Reached skill level 11 in Summonings
 51398 | Vaults:1 | Reached skill level 11 in Necromancy
 51398 | Vaults:1 | Reached skill level 11 in Translocations
 51398 | Vaults:1 | Reached skill level 11 in Transmutations
 51398 | Vaults:1 | Reached skill level 11 in Fire Magic
 51398 | Vaults:1 | Reached skill level 11 in Ice Magic
 51398 | Vaults:1 | Reached skill level 11 in Air Magic
 51398 | Vaults:1 | Reached skill level 11 in Earth Magic
 51398 | Vaults:1 | Reached skill level 11 in Poison Magic
 51533 | Vaults:1 | Got a bloodstained ring mail
 51544 | Vaults:1 | Identified the +1 ring mail "Vuekhot" {-Cast Will+ Str+3}
                  | (You found it on level 1 of the Vaults)
 52205 | Vaults:1 | Reached skill level 13 in Fighting
 52205 | Vaults:1 | Reached skill level 13 in Short Blades
 52205 | Vaults:1 | Reached skill level 13 in Long Blades
 52205 | Vaults:1 | Reached skill level 13 in Axes
 52205 | Vaults:1 | Reached skill level 13 in Maces & Flails
 52205 | Vaults:1 | Reached skill level 13 in Polearms
 52205 | Vaults:1 | Reached skill level 13 in Staves
 52205 | Vaults:1 | Reached skill level 13 in Slings
 52205 | Vaults:1 | Reached skill level 13 in Bows
 52205 | Vaults:1 | Reached skill level 13 in Crossbows
 52205 | Vaults:1 | Reached skill level 13 in Throwing
 52205 | Vaults:1 | Reached skill level 13 in Armour
 52205 | Vaults:1 | Reached skill level 13 in Shields
 52205 | Vaults:1 | Reached skill level 13 in Unarmed Combat
 52205 | Vaults:1 | Reached skill level 14 in Invocations
 52205 | Vaults:1 | Reached skill level 13 in Evocations
 52302 | Vaults:1 | Noticed Aizul
 52623 | Vaults:1 | Reached skill level 13 in Conjurations
 52809 | Vaults:1 | Identified Sif Muna's Reference Book on Virous Displacement
 52810 | Vaults:1 | You add the spells Lesser Beckoning and Disjunction to your
                  | library.
 53100 | Vaults:1 | Identified a +0 crystal plate armour
 53196 | Vaults:1 | a +0 flail; a +0 crystal plate armour {rare}
 53232 | Vaults:1 | Reached XP level 20. HP: 115/156 MP: 19/37
 53592 | Vaults:1 | Killed Aizul
 53787 | Vaults:1 | Got an ichor-stained falchion
 53788 | Vaults:1 | Identified the cursed +1 falchion of the Ten Stories
                  | {venom, +Inv rC+ Dex+3} (You found it on level 1 of the
                  | Vaults)
 54040 | Vaults:1 | Reached skill level 14 in Spellcasting
 55247 | Vaults:2 | You fall into a shaft and drop 2 floors!
 55384 | Vaults:4 | Reached skill level 14 in Dodging
 55762 | Vaults:4 | Noticed Sojobo
 55771 | Vaults:4 | Killed Sojobo
 55772 | Vaults:4 | Reached skill level 14 in Stealth
 55777 | Vaults:4 | Noticed Frederick
 55788 | Vaults:4 | Killed Frederick
 57257 | Vaults:2 | Found a runed translucent gate.
 57260 | Vaults:2 | Found a runed translucent gate.
 57260 | Vaults:2 | Found a runed translucent gate.
 57262 | Vaults:2 | Noticed Droegar's ghost (adept MiBe)
 57264 | Vaults:2 | Found the +7 pair of quick blades "Gyre" and "Gimble"
                  | {protect}
 57319 | Vaults:2 | Reached XP level 21. HP: 164/164 MP: 31/39
 58155 | Vaults:2 | Found a staircase to the Crypt.
 58237 | Vaults:2 | Found an iron altar of Okawaru.
 58510 | Vaults:2 | Killed Droegar's ghost
 58671 | Vaults:2 | Got a faintly humming scale mail
 58688 | Vaults:2 | Identified the +2 scale mail of Niygic {rF+} (You found it
                  | on level 2 of the Vaults)
 58812 | Vaults:3 | Noticed Margery
 58819 | Vaults:3 | Killed Margery
 58820 | Vaults:3 | Reached skill level 12 in Hexes
 58820 | Vaults:3 | Reached skill level 12 in Summonings
 58820 | Vaults:3 | Reached skill level 12 in Necromancy
 58820 | Vaults:3 | Reached skill level 12 in Translocations
 58820 | Vaults:3 | Reached skill level 12 in Transmutations
 58820 | Vaults:3 | Reached skill level 12 in Fire Magic
 58820 | Vaults:3 | Reached skill level 12 in Ice Magic
 58820 | Vaults:3 | Reached skill level 12 in Air Magic
 58820 | Vaults:3 | Reached skill level 12 in Earth Magic
 58820 | Vaults:3 | Reached skill level 12 in Poison Magic
 58820 | Vaults:3 | Reached skill level 15 in Invocations
 59168 | Vaults:3 | Found Echaenn's Gadget Emporium.
 59423 | Vaults:3 | Reached skill level 14 in Fighting
 59423 | Vaults:3 | Reached skill level 14 in Short Blades
 59423 | Vaults:3 | Reached skill level 14 in Long Blades
 59423 | Vaults:3 | Reached skill level 14 in Axes
 59423 | Vaults:3 | Reached skill level 14 in Maces & Flails
 59423 | Vaults:3 | Reached skill level 14 in Polearms
 59423 | Vaults:3 | Reached skill level 14 in Staves
 59423 | Vaults:3 | Reached skill level 14 in Slings
 59423 | Vaults:3 | Reached skill level 14 in Bows
 59423 | Vaults:3 | Reached skill level 14 in Crossbows
 59423 | Vaults:3 | Reached skill level 14 in Throwing
 59423 | Vaults:3 | Reached skill level 14 in Armour
 59423 | Vaults:3 | Reached skill level 14 in Shields
 59423 | Vaults:3 | Reached skill level 14 in Unarmed Combat
 59423 | Vaults:3 | Reached skill level 14 in Evocations
 62178 | Vaults:5 | Entered Level 5 of the Vaults
 62181 | Vaults:5 | Reached skill level 15 in Spellcasting
 62181 | Vaults:5 | Reached XP level 22. HP: 95/173 MP: 38/41
 62183 | Vaults:5 | Reached skill level 15 in Dodging
 62712 | Lair:2   | magus.rc [v1.9.10]
 62830 | Depths:1 | Entered Level 1 of the Depths
 63006 | Depths:1 | Reached skill level 14 in Conjurations
 63312 | D:15     | Learned a level 5 spell: Yara's Violent Unravelling
 63318 | Depths:1 | Found a corrupted altar of Lugonu.
 63395 | Depths:1 | Reached skill level 15 in Stealth
 63431 | Depths:1 | Learned a level 2 spell: Slow
 63465 | Depths:1 | Found a one-way gate to the infinite horrors of the Abyss.
 63526 | Depths:1 | Found a gateway to Hell.
 64621 | Depths:1 | You pick up a book of the Dragon and begin reading...
 65215 | Depths:2 | Reached skill level 16 in Invocations
 65393 | Depths:2 | Reached XP level 23. HP: 153/180 MP: 0/42
 65783 | Depths:2 | quicksilver dragon scales {rare}; a +0 robe; a +0 flail
 65783 | Depths:2 | P - quicksilver dragon scales {rare}
 65907 | Depths:2 | You finish putting on your quicksilver dragon scales
                  | {rare}.
 65914 | Depths:2 | You finish taking off your quicksilver dragon scales
                  | {rare}.
 65941 | Depths:2 | Found a one-way gate leading to the halls of Pandemonium.
 66305 | Depths:2 | Identified the +2 scale mail of the Stars {-Cast Rampage
                  | rPois Dex-5} (You found it on level 2 of the Depths)
 66416 | Depths:2 | Found Uriud's Magic Scroll Shop.
 66616 | Depths:2 | Reached skill level 15 in Fighting
 66616 | Depths:2 | Reached skill level 15 in Short Blades
 66616 | Depths:2 | Reached skill level 15 in Long Blades
 66616 | Depths:2 | Reached skill level 15 in Axes
 66616 | Depths:2 | Reached skill level 15 in Maces & Flails
 66616 | Depths:2 | Reached skill level 15 in Polearms
 66616 | Depths:2 | Reached skill level 15 in Staves
 66616 | Depths:2 | Reached skill level 15 in Slings
 66616 | Depths:2 | Reached skill level 15 in Bows
 66616 | Depths:2 | Reached skill level 15 in Crossbows
 66616 | Depths:2 | Reached skill level 15 in Throwing
 66616 | Depths:2 | Reached skill level 15 in Armour
 66616 | Depths:2 | Reached skill level 15 in Shields
 66616 | Depths:2 | Reached skill level 15 in Unarmed Combat
 66616 | Depths:2 | Reached skill level 15 in Evocations
 67130 | Depths:3 | Reached skill level 13 in Hexes
 67130 | Depths:3 | Reached skill level 13 in Summonings
 67130 | Depths:3 | Reached skill level 13 in Necromancy
 67130 | Depths:3 | Reached skill level 13 in Translocations
 67130 | Depths:3 | Reached skill level 13 in Transmutations
 67130 | Depths:3 | Reached skill level 13 in Fire Magic
 67130 | Depths:3 | Reached skill level 13 in Ice Magic
 67130 | Depths:3 | Reached skill level 13 in Air Magic
 67130 | Depths:3 | Reached skill level 13 in Earth Magic
 67130 | Depths:3 | Reached skill level 13 in Poison Magic
 67652 | Depths:2 | magus.rc [v1.9.10]
 68776 | Depths:3 | Reached skill level 16 in Spellcasting
 69218 | Depths:3 | Gained mutation: Your spells are a little easier to cast,
                  | but a little less powerful. [a neqoxec]
 69550 | Lair:2   | You drop quicksilver dragon scales {rare}.
 69899 | Depths:3 | Noticed a caustic shrike
 69954 | Depths:3 | Reached skill level 16 in Dodging
 69954 | Depths:3 | Reached XP level 24. HP: 168/189 MP: 23/43
 69969 | Depths:3 | +0 shadow dragon scales {rare}; a shadow dragon corpse
 69977 | Depths:3 | Killed a caustic shrike
 70396 | Depths:3 | Got a pearl-encrusted leather armour
 70422 | Depths:3 | Identified the +2 leather armour "Wyrranol" {Will++ Int+5}
                  | (You found it on level 3 of the Depths)
 70678 | Depths:3 | Reached skill level 16 in Stealth
 70738 | Depths:3 | Paralysed by a floating eye for 3 turns
 71370 | Depths:3 | Identified Eptehu Anto's Guide on the Mutagenic Birds
 71778 | Orc:2    | Bought a manual of Necromancy for 1656 gold pieces
 71778 | Orc:2    | Bought a book of Power for 675 gold pieces
 71778 | Orc:2    | You pick up a book of Power and begin reading...
 71778 | Orc:2    | You add the spells Iskenderun's Battlesphere, Bolt of
                  | Magma, Iron Shot, Orb of Destruction and Spellforged
                  | Servitor to your library.
 71926 | Lair:2   | Lost mutation: You are clumsy. (Dex -2) [potion of
                  | mutation]
 71926 | Lair:2   | Lost mutation: Your spells are a little easier to cast, but
                  | a little less powerful. [potion of mutation]
 71926 | Lair:2   | Gained mutation: You are clumsy. (Dex -2) [potion of
                  | mutation]
 71926 | Lair:2   | Gained mutation: You are partially covered in large bone
                  | plates. (SH +4) [potion of mutation]
 71934 | Lair:2   | Learned a level 6 spell: Iron Shot
 72088 | Elf:1    | Entered Level 1 of the Elven Halls
 72309 | Elf:1    | Reached skill level 17 in Invocations
 72378 | Elf:1    | a deep elf mage comes into view. It is wielding a +2 dagger
                  | of speed and wearing the macabre finger necklace {rN+}.
 72385 | Elf:1    | Reached skill level 15 in Conjurations
 72709 | Elf:1    | Found an ancient bone altar of Kikubaaqudgha.
 72798 | Elf:1    | Identified the Disquisition on Ashen Black Rites
 72799 | Elf:1    | You add the spells Sublimation of Blood, Vampiric Draining
                  | and Shatter to your library.
 73893 | Elf:2    | Got a crude rapier
 73894 | Elf:2    | Identified the +2 rapier "Vitypt" {venom, *Slow Fragile
                  | rElec rPois rF+} (You found it on level 2 of the Elven
                  | Halls)
 73960 | Elf:2    | Found Katyfuda's Antique Weapon Shoppe.
 74022 | Elf:2    | Bought a faintly glowing dagger for 168 gold pieces
 74022 | Elf:2    | Bought a scorched falchion for 192 gold pieces
 74022 | Elf:2    | Identified the +12 falchion "Qiuddilo" {pain, rF+} (You
                  | bought it in a shop on level 2 of the Elven Halls)
 74023 | Elf:2    | Identified the +4 dagger of Taicah {vorpal, +Fly Int+4}
                  | (You bought it in a shop on level 2 of the Elven Halls)
 74250 | Elf:2    | Reached skill level 14 in Necromancy
 74315 | Elf:2    | Reached skill level 16 in Crossbows
 74397 | Elf:2    | Reached skill level 16 in Fighting
 74397 | Elf:2    | Reached skill level 16 in Short Blades
 74397 | Elf:2    | Reached skill level 16 in Long Blades
 74397 | Elf:2    | Reached skill level 16 in Axes
 74397 | Elf:2    | Reached skill level 16 in Maces & Flails
 74397 | Elf:2    | Reached skill level 16 in Polearms
 74397 | Elf:2    | Reached skill level 16 in Staves
 74397 | Elf:2    | Reached skill level 16 in Slings
 74397 | Elf:2    | Reached skill level 16 in Bows
 74397 | Elf:2    | Reached skill level 16 in Throwing
 74397 | Elf:2    | Reached skill level 16 in Armour
 74397 | Elf:2    | Reached skill level 16 in Shields
 74397 | Elf:2    | Reached skill level 16 in Unarmed Combat
 74397 | Elf:2    | Reached skill level 16 in Evocations
 74444 | Elf:2    | Found a huge runed translucent gate.
 74446 | Elf:2    | Found a huge runed translucent gate.
 74448 | Elf:2    | Noticed Azrael
 74450 | Elf:2    | Found a huge runed translucent gate.
 74451 | Elf:2    | Found a huge runed translucent gate.
 74451 | Elf:2    | Found a huge runed translucent gate.
 74965 | Elf:2    | Reached XP level 25. HP: 197/197 MP: 36/43
 75207 | Elf:2    | Killed Azrael
 75548 | Elf:3    | Entered Level 3 of the Elven Halls
 75686 | Elf:3    | Noticed Donald
 75697 | Elf:3    | Killed Donald
 75787 | Elf:3    | Found a runed translucent door.
 75787 | Elf:3    | Found a shimmering altar of Xom.
 75787 | Elf:3    | Noticed SushiGirl's ghost (journeyman DECj)
 75800 | Elf:3    | Killed SushiGirl's ghost
 75861 | Elf:3    | You pick up a book of the Earth and begin reading...
 76469 | Elf:3    | Reached skill level 14 in Hexes
 76469 | Elf:3    | Reached skill level 14 in Summonings
 76469 | Elf:3    | Reached skill level 14 in Translocations
 76469 | Elf:3    | Reached skill level 14 in Transmutations
 76469 | Elf:3    | Reached skill level 14 in Fire Magic
 76469 | Elf:3    | Reached skill level 14 in Ice Magic
 76469 | Elf:3    | Reached skill level 14 in Air Magic
 76469 | Elf:3    | Reached skill level 14 in Earth Magic
 76469 | Elf:3    | Reached skill level 14 in Poison Magic
 76477 | Elf:3    | Identified the amulet of Intercession {RegenMP *Drain rPois
                  | Str+8 Int+4}
 76658 | Elf:3    | a deep elf annihilator comes into view. It is wielding a +2
                  | vorpal war axe and wearing the +10 tower shield of
                  | Ignorance {rN+ Int-4}.
 76800 | Elf:3    | Identified the +7 long sword of Irufapir {vorpal, +Inv rC-
                  | Will+ Stlth+}
 76944 | Elf:3    | Identified the +10 scythe of Tomorrow {venom, Str+6}
 76944 | Elf:3    | Identified the +6 scale mail of Iqer {rCorr Dex+6}
 77009 | Elf:3    | Identified the +5 shortbow of Zarupt {venom, rF+}
 77263 | Elf:3    | You pick up a book of Changes and begin reading...
 77352 | Elf:3    | You pick up a book of Hexes and begin reading...
 77352 | Elf:3    | You add the spells Silence and Discord to your library.
 77360 | Elf:3    | You add the spells Corpse Rot, Stone Arrow, Eringya's
                  | Noxious Bog and Hydra Form to your library.
 77370 | Elf:3    | You pick up a book of Annihilations and begin reading...
 77370 | Elf:3    | You add the spells Chain Lightning, Lehudib's Crystal
                  | Spear, Absolute Zero and Fire Storm to your library.
 77379 | Elf:3    | Learned a level 7 spell: Spellforged Servitor
 77388 | Elf:3    | Identified the Collected Works on Enchanting Heat
 77391 | Elf:3    | You pick up a book of Burglary and begin reading...
 77391 | Elf:3    | You add the spells Passwall, Passage of Golubria, Lee's
                  | Rapid Deconstruction and Invisibility to your library.
 77395 | Elf:3    | You pick up a book of Cantrips and begin reading...
 77646 | Lair:2   | Learned a level 8 spell: Lehudib's Crystal Spear
 77700 | Slime:1  | Entered Level 1 of the Pits of Slime
 78346 | Slime:1  | Reached skill level 17 in Spellcasting
 78873 | Slime:2  | Gained mutation: You tend to lose your temper in combat. [a
                  | shining eye]
 79173 | Slime:2  | Noticed Dissolution
 79182 | Slime:2  | Killed Dissolution
 79183 | Slime:2  | Reached skill level 17 in Dodging
 79469 | Slime:3  | Reached skill level 15 in Necromancy
 79799 | Slime:3  | Reached skill level 17 in Stealth
 79936 | Slime:3  | Reached XP level 26. HP: 195/206 MP: 25/44
 80983 | Slime:5  | Entered Level 5 of the Pits of Slime
 81104 | Slime:5  | Reached skill level 18 in Invocations
 82153 | Slime:5  | Noticed the Royal Jelly
 82154 | Slime:5  | Found a viscous altar of Jiyva.
 82162 | Slime:5  | Killed the Royal Jelly
 82496 | Slime:5  | Identified the cursed +0 pair of boots "Udwisk" {rCorr}
                  | (You found it on level 5 of the Pits of Slime)
 82502 | Slime:5  | Got a slimy rune of Zot
 82504 | Slime:5  | You add the spells Monstrous Menagerie, Summon Greater
                  | Demon, Malign Gateway and Summon Horrible Things to your
                  | library.
 82526 | Slime:5  | Got a faintly glowing leather armour
 82535 | Slime:5  | Identified the +4 leather armour "Tiskuoqo" {*Slow rN+
                  | rCorr Str+9} (You found it on level 5 of the Pits of Slime)
 82634 | Slime:5  | Identified the +9 whip of Laavyvir {flame, Will+ Dex+2}
                  | (You found it on level 5 of the Pits of Slime)
 82663 | Slime:5  | Identified the +7 chain mail of the Journeyman {rF+ rCorr
                  | Dex+2} (You found it on level 5 of the Pits of Slime)
 83432 | Lair:2   | You finish putting on your quicksilver dragon scales
                  | {rare}.
 83438 | Lair:2   | You finish taking off your quicksilver dragon scales
                  | {rare}.
 83453 | Lair:2   | You finish putting on your quicksilver dragon scales
                  | {rare}.
 83455 | Lair:2   | Lost mutation: You tend to lose your temper in combat.
                  | [potion of mutation]
 83455 | Lair:2   | Lost mutation: You are clumsy. (Dex -2) [potion of
                  | mutation]
 83455 | Lair:2   | Gained mutation: Your flesh is cold resistant. (rC+)
                  | [potion of mutation]
 83455 | Lair:2   | Gained mutation: Your system is resistant to poisons.
                  | (rPois) [potion of mutation]
 83455 | Lair:2   | Gained mutation: Your flesh is very cold resistant. (rC++)
                  | [potion of mutation]
 83470 | Lair:2   | You finish taking off your quicksilver dragon scales
                  | {rare}.
 83485 | Lair:2   | You finish putting on your quicksilver dragon scales
                  | {rare}.
 83629 | Depths:1 | Voluntarily entered the Abyss.
 84016 | Abyss:1  | Reached skill level 17 in Crossbows
 84034 | Abyss:1  | Got a faintly glowing chain mail
 84035 | Abyss:1  | Identified the +4 chain mail of Adafiaf {*Corrode Int+2
                  | Stlth+} (You found it on level 1 of the Abyss)
 84099 | Abyss:1  | Reached skill level 17 in Fighting
 84099 | Abyss:1  | Reached skill level 17 in Short Blades
 84099 | Abyss:1  | Reached skill level 17 in Long Blades
 84099 | Abyss:1  | Reached skill level 17 in Axes
 84099 | Abyss:1  | Reached skill level 17 in Maces & Flails
 84099 | Abyss:1  | Reached skill level 17 in Polearms
 84099 | Abyss:1  | Reached skill level 17 in Staves
 84099 | Abyss:1  | Reached skill level 17 in Slings
 84099 | Abyss:1  | Reached skill level 17 in Bows
 84099 | Abyss:1  | Reached skill level 17 in Throwing
 84099 | Abyss:1  | Reached skill level 17 in Armour
 84099 | Abyss:1  | Reached skill level 17 in Shields
 84099 | Abyss:1  | Reached skill level 17 in Unarmed Combat
 84099 | Abyss:1  | Reached skill level 17 in Evocations
 84421 | Abyss:3  | Found a corrupted altar of Lugonu.
 84436 | Abyss:4  | Found a corrupted altar of Lugonu.
 84442 | Abyss:4  | Found a transporter.
 84452 | Abyss:4  | You pick up a book of Cantrips and begin reading...
 84912 | Abyss:4  | Reached skill level 16 in Conjurations
 85026 | Abyss:4  | Found a glowing golden altar of the Shining One.
 85038 | Abyss:4  | Noticed a juggernaut
 85044 | Abyss:4  | Killed a juggernaut
 85057 | Abyss:4  | Got an abyssal rune of Zot
 85098 | Abyss:4  | Gained mutation: Your muscles are strong. (Str +2) [a
                  | neqoxec]
 85189 | Abyss:4  | Reached skill level 16 in Necromancy
 85302 | Depths:1 | You pass through the gate.
 85302 | Depths:1 | Escaped the Abyss
 85743 | Vaults:5 | Reached XP level 27. HP: 186/215 MP: 36/44
 85759 | Vaults:5 | Noticed an ancient lich
 85968 | Vaults:5 | Killed an ancient lich
 85990 | Vaults:4 | +0 shadow dragon scales {rare}; a shadow dragon corpse
 86085 | Vaults:4 | Reached skill level 15 in Hexes
 86085 | Vaults:4 | Reached skill level 15 in Summonings
 86085 | Vaults:4 | Reached skill level 15 in Translocations
 86085 | Vaults:4 | Reached skill level 15 in Transmutations
 86085 | Vaults:4 | Reached skill level 15 in Fire Magic
 86085 | Vaults:4 | Reached skill level 15 in Ice Magic
 86085 | Vaults:4 | Reached skill level 15 in Air Magic
 86085 | Vaults:4 | Reached skill level 15 in Earth Magic
 86085 | Vaults:4 | Reached skill level 15 in Poison Magic
 86394 | Vaults:5 | Noticed an ancient lich
 86399 | Vaults:5 | Killed an ancient lich
 86400 | Vaults:5 | Reached skill level 18 in Spellcasting
 86531 | Vaults:5 | You pick up a book of Death and begin reading...
 86531 | Vaults:5 | You add the spells Dispel Undead, Agony and Excruciating
                  | Wounds to your library.
 86532 | Vaults:5 | Identified the Compendium of Translocation
 86543 | Vaults:5 | Got a heavily runed plate armour
 86548 | Vaults:5 | Got a masterwork tower shield
 86606 | Vaults:5 | +0 shadow dragon scales {rare}; a shadow dragon corpse
 86849 | Vaults:5 | Found Lyorph's Assorted Antiques.
 86854 | Vaults:5 | Reached skill level 18 in Dodging
 87193 | Vaults:5 | Got a silver rune of Zot
 87197 | Vaults:5 | You pick up a book of Cantrips and begin reading...
 87249 | Vaults:5 | Reached skill level 18 in Stealth
 87370 | Vaults:5 | Found Kuricvin's Jewellery Shoppe.
 87376 | Vaults:5 | Reached skill level 19 in Invocations
 87435 | Vaults:5 | Bought the ring of Oraorenn {rF+ Will+ Int+4 Stlth+} for
                  | 903 gold pieces
 87781 | Vaults:5 | You pick up a book of Callings and begin reading...
 87945 | Vaults:5 | Identified the +6 plate armour "Obuotre" {Regen+ Str+2
                  | Dex+3} (You found it on level 5 of the Vaults)
 87946 | Vaults:5 | Identified the +10 tower shield "Fisu" {Harm rN+} (You
                  | found it on level 5 of the Vaults)
 89361 | Depths:4 | Reached skill level 17 in Necromancy
 89442 | Depths:4 | Found Peirukk's Weapon Shop.
 89442 | Depths:4 | Found Nuevvad's Book Boutique.
 89450 | Depths:4 | You pick up a book of Maledictions and begin reading...
 89450 | Depths:4 | You add the spells Ensorcelled Hibernation, Confusing Touch
                  | and Tukima's Dance to your library.
 90056 | Depths:4 | Got a steaming ring mail
 90057 | Depths:4 | Identified the +3 ring mail "Bikhluwn" {Will- Regen+
                  | Stlth+} (You found it on level 4 of the Depths)
 90099 | Depths:4 | Identified the Grimoire of the Shark
 90317 | Depths:4 | Found a transporter.
 90320 | Depths:4 | Noticed Byxkisau's ghost (adept TrMo)
 90333 | Depths:4 | Found a transporter.
 90343 | Depths:4 | Reached skill level 18 in Crossbows
 90387 | Depths:4 | Noticed a caustic shrike
 90597 | Depths:4 | Paralysed by a floating eye for 2 turns
 90602 | Depths:4 | Reached skill level 18 in Fighting
 90602 | Depths:4 | Reached skill level 18 in Short Blades
 90602 | Depths:4 | Reached skill level 18 in Long Blades
 90602 | Depths:4 | Reached skill level 18 in Axes
 90602 | Depths:4 | Reached skill level 18 in Maces & Flails
 90602 | Depths:4 | Reached skill level 18 in Polearms
 90602 | Depths:4 | Reached skill level 18 in Staves
 90602 | Depths:4 | Reached skill level 18 in Slings
 90602 | Depths:4 | Reached skill level 18 in Bows
 90602 | Depths:4 | Reached skill level 18 in Throwing
 90602 | Depths:4 | Reached skill level 18 in Armour
 90602 | Depths:4 | Reached skill level 18 in Shields
 90602 | Depths:4 | Reached skill level 18 in Unarmed Combat
 90602 | Depths:4 | Reached skill level 18 in Evocations
 90602 | Depths:4 | Paralysed by a floating eye for 2 turns
 90608 | Depths:4 | Killed Byxkisau's ghost
 90952 | Depths:4 | Killed a caustic shrike
 90955 | Depths:4 | Got an ancient silver ring
 90957 | Depths:4 | Got a flickering marble ring
 90958 | Depths:4 | Identified the ring "Qowoc" {rN+ Int+6} (You found it on
                  | level 4 of the Depths)
 90959 | Depths:4 | Identified the ring "Gerhuvyr" {AC+4 Dex+4} (You found it
                  | on level 4 of the Depths)
 90961 | Depths:4 | You pick up a book of the Earth and begin reading...
 91104 | Depths:5 | Entered Level 5 of the Depths
 91373 | Depths:5 | Found a runed translucent door.
 91571 | Depths:5 | Found Olenufa's Jewellery Shoppe.
 91579 | Depths:5 | Found Obuittoff's Assorted Antiques.
 91802 | Depths:5 | Found a gate to the Realm of Zot.
 92132 | Depths:5 | Found a gateway to a ziggurat.
 92672 | Depths:5 | Reached skill level 17 in Conjurations
 93376 | Zot:1    | Entered Level 1 of the Realm of Zot
 93377 | Zot:1    | magus.rc [v1.9.10]
 93485 | Zot:1    | +0 shadow dragon scales {rare}; a shadow dragon corpse
 93690 | Zot:1    | Noticed an orb of fire
 93696 | Zot:1    | Killed an orb of fire
 93778 | Zot:1    | Reached skill level 18 in Necromancy
 93854 | Zot:1    | Reached skill level 19 in Spellcasting
 93854 | Zot:1    | Reached skill level 16 in Hexes
 93854 | Zot:1    | Reached skill level 16 in Summonings
 93854 | Zot:1    | Reached skill level 16 in Translocations
 93854 | Zot:1    | Reached skill level 16 in Transmutations
 93854 | Zot:1    | Reached skill level 16 in Fire Magic
 93854 | Zot:1    | Reached skill level 16 in Ice Magic
 93854 | Zot:1    | Reached skill level 16 in Air Magic
 93854 | Zot:1    | Reached skill level 16 in Earth Magic
 93854 | Zot:1    | Reached skill level 16 in Poison Magic
 94555 | Zot:2    | Reached skill level 19 in Dodging
 94555 | Zot:2    | Reached skill level 20 in Invocations
 94623 | Zot:2    | Noticed an electric golem
 94750 | Zot:2    | Killed an electric golem
 94751 | Zot:2    | Reached skill level 19 in Stealth
 95317 | Zot:2    | +0 shadow dragon scales {rare}; a shadow dragon corpse
 95531 | Zot:2    | Got a smelly ring mail
 95794 | Zot:2    | Got a smelly chain mail
 96434 | Zot:2    | Noticed an electric golem
 96441 | Zot:2    | Noticed an electric golem
 96444 | Zot:2    | Killed an electric golem
 96447 | Zot:2    | Killed an electric golem
 96551 | Zot:2    | +0 storm dragon scales {rare}; a storm dragon corpse
 96555 | Zot:2    | You pick up a book of the Sky and begin reading...
 97883 | Zot:3    | Got a slimy amber ring
 97885 | Zot:3    | Identified the ring "Tojin" {Ice *Slow +Fly rPois Dex+6}
                  | (You found it on level 3 of the Realm of Zot)
 98193 | Zot:3    | Noticed a curse toe
 98203 | Zot:3    | Killed a curse toe
 98347 | Zot:3    | +0 storm dragon scales {rare}; a storm dragon corpse
 98757 | Zot:4    | Identified the +5 ring mail of the Equator {rPois rC-
                  | Will+++ Stlth+} (You found it on level 2 of the Realm of
                  | Zot)
 98812 | Zot:4    | Reached skill level 19 in Crossbows
 98813 | Zot:4    | Noticed a curse toe
 98834 | Zot:4    | Reached skill level 19 in Fighting
 98834 | Zot:4    | Reached skill level 19 in Short Blades
 98834 | Zot:4    | Reached skill level 19 in Long Blades
 98834 | Zot:4    | Reached skill level 19 in Axes
 98834 | Zot:4    | Reached skill level 19 in Maces & Flails
 98834 | Zot:4    | Reached skill level 19 in Polearms
 98834 | Zot:4    | Reached skill level 19 in Staves
 98834 | Zot:4    | Reached skill level 19 in Slings
 98834 | Zot:4    | Reached skill level 19 in Bows
 98834 | Zot:4    | Reached skill level 19 in Throwing
 98834 | Zot:4    | Reached skill level 19 in Armour
 98834 | Zot:4    | Reached skill level 19 in Shields
 98834 | Zot:4    | Reached skill level 19 in Unarmed Combat
 98834 | Zot:4    | Reached skill level 19 in Evocations
 98942 | Zot:4    | Noticed an orb of fire
 98942 | Zot:4    | Noticed a curse toe
 98957 | Zot:4    | HP: 48/221 [??? (30)]
 98958 | Zot:4    | Killed a curse toe
 98959 | Zot:4    | Gained mutation: Your spells are a little easier to cast,
                  | but a little less powerful. [an orb of fire]
 98961 | Zot:4    | Killed an orb of fire
 99348 | Zot:4    | Identified the +4 chain mail of Yrchy {Str+4} (You found it
                  | on level 2 of the Realm of Zot)
 99360 | Zot:4    | Killed a curse toe
 99807 | Zot:4    | You pick up a book of Conjurations and begin reading...
 99984 | Zot:4    | Identified +0 gold dragon scales
 99986 | Zot:4    | +0 gold dragon scales {rare}; a golden dragon corpse
100009 | Zot:4    | +0 gold dragon scales {rare}; a golden dragon corpse
100097 | Zot:5    | Entered Level 5 of the Realm of Zot
100120 | Zot:5    | Noticed an orb of fire
100168 | Zot:5    | Gained mutation: You occasionally shout uncontrollably at
                  | your foes. [an orb of fire]
100170 | Zot:5    | Killed an orb of fire
100190 | Zot:5    | +0 storm dragon scales {rare}; a storm dragon corpse
100317 | Zot:5    | quicksilver dragon scales {rare}; a quicksilver dragon
                  | corpse
100473 | Zot:5    | Found a huge runed gate.
100473 | Zot:5    | Found a huge runed gate.
100473 | Zot:5    | Found a huge runed gate.
100473 | Zot:5    | Found a huge runed gate.
100475 | Zot:5    | Found a huge runed gate.
100475 | Zot:5    | Found a huge runed gate.
100476 | Zot:5    | Found a huge runed gate.
100477 | Zot:5    | Found a huge runed gate.
100478 | Zot:5    | Found a huge runed gate.
100478 | Zot:5    | Found a huge runed gate.
100486 | Zot:5    | Found a huge runed gate.
100486 | Zot:5    | Found a huge runed gate.
100486 | Zot:5    | Found a huge runed gate.
100486 | Zot:5    | Found a huge runed gate.
100486 | Zot:5    | Found a huge runed gate.
100486 | Zot:5    | Found a huge runed gate.
100487 | Zot:5    | Found a huge runed gate.
100525 | Zot:5    | Found a huge runed gate.
100526 | Zot:5    | Found a huge runed gate.
100527 | Zot:5    | Found a huge runed gate.
100528 | Zot:5    | Found a huge runed gate.
100529 | Zot:5    | Found a huge runed gate.
100531 | Zot:5    | Found a huge runed gate.
100532 | Zot:5    | Found a huge runed gate.
100532 | Zot:5    | Found a huge runed gate.
100576 | Zot:5    | Found a huge runed gate.
100576 | Zot:5    | Found a huge runed gate.
100576 | Zot:5    | Found a huge runed gate.
100576 | Zot:5    | Found a huge runed gate.
100576 | Zot:5    | Found a huge runed gate.
100577 | Zot:5    | Found a huge runed gate.
100577 | Zot:5    | Found a huge runed gate.
100584 | Zot:5    | Found a huge runed gate.
100683 | Zot:5    | Noticed an ancient lich
100683 | Zot:5    | Noticed a curse toe
100683 | Zot:5    | Noticed an orb of fire
100683 | Zot:5    | Noticed a curse toe
100685 | Zot:5    | Noticed an electric golem
100685 | Zot:5    | Noticed a curse toe
100685 | Zot:5    | Noticed an electric golem
100688 | Zot:5    | Killed an ancient lich
100689 | Zot:5    | Reached skill level 19 in Necromancy
100691 | Zot:5    | Killed an orb of fire
100694 | Zot:5    | Killed a curse toe
100700 | Zot:5    | HP: 47/222 [electric golem (10)]
100702 | Zot:5    | HP: 23/222 [deathcap/drain life[a curse toe] (5)]
100708 | Zot:5    | HP: 18/222 [??? (10)]
100711 | Zot:5    | Noticed an orb of fire
100717 | Zot:5    | Noticed a curse toe
100720 | Zot:5    | HP: 51/222 [acid (5)]
100723 | Zot:5    | Paralysed by a Zot trap for 5 turns
100726 | Zot:5    | HP: 42/222 [storm dragon/bolt of lightning (12)]
100726 | Zot:5    | Gained mutation: You tend to lose your temper in combat.
                  | [an orb of fire]
100726 | Zot:5    | Noticed an electric golem
100731 | Zot:5    | HP: 48/222 [acid (6)]
100747 | Zot:5    | Killed an orb of fire
100751 | Zot:5    | HP: 53/219 [shadow dragon/bolt of negative energy (7)]
100758 | Zot:5    | HP: 55/222 [Killer Klown/+9 club of electrocution (3)]
100760 | Zot:5    | Noticed an ancient lich
100762 | Zot:5    | Noticed an orb of fire
100762 | Zot:5    | HP: 8/220 [Orb Guardian (27)]
100775 | Zot:5    | Noticed an electric golem
100782 | Zot:5    | HP: 34/222 [electric golem/bolt of lightning (7)]
100785 | Zot:5    | HP: 16/222 [electric golem/bolt of lightning (7)]
100785 | Zot:5    | HP: 5/222 [black draconian/+0 glaive (11)]
101643 | Crypt:1  | Entered Level 1 of the Crypt
103011 | Crypt:2  | Noticed Jory
103015 | Crypt:2  | Killed Jory
103178 | Crypt:2  | Noticed Saint Roka
103187 | Crypt:2  | Killed Saint Roka
103231 | Crypt:2  | Reached skill level 20 in Spellcasting
103247 | Crypt:2  | Reached skill level 21 in Invocations
103513 | Crypt:2  | Got a diamond-encrusted chain mail
103536 | Crypt:2  | Found a runed translucent gate.
103536 | Crypt:2  | Found a runed translucent gate.
103536 | Crypt:2  | Found a runed translucent gate.
103536 | Crypt:2  | Noticed Suppyemm's ghost (veteran GrEE)
103950 | Crypt:2  | Killed Suppyemm's ghost
104053 | Crypt:3  | Entered Level 3 of the Crypt
104055 | Crypt:3  | Reached skill level 18 in Conjurations
104227 | Crypt:3  | Found a basalt altar of Yredelemnul.
104240 | Crypt:3  | Reached skill level 20 in Dodging
104326 | Crypt:3  | Reached skill level 17 in Hexes
104326 | Crypt:3  | Reached skill level 17 in Summonings
104326 | Crypt:3  | Reached skill level 17 in Translocations
104326 | Crypt:3  | Reached skill level 17 in Transmutations
104326 | Crypt:3  | Reached skill level 17 in Fire Magic
104326 | Crypt:3  | Reached skill level 17 in Ice Magic
104326 | Crypt:3  | Reached skill level 17 in Air Magic
104326 | Crypt:3  | Reached skill level 17 in Earth Magic
104326 | Crypt:3  | Reached skill level 17 in Poison Magic
104421 | Crypt:3  | Identified the Reference Book on Shifting Intoxication
104505 | Crypt:3  | Found the +4 dagger "Morg" {pain, Will+ Int+5}
104581 | Crypt:3  | Reached skill level 20 in Stealth
104988 | Crypt:3  | Noticed Khufu
104988 | Crypt:3  | Noticed a royal mummy
105024 | Crypt:3  | Learned a level 8 spell: Necromutation
105060 | Crypt:3  | Killed a royal mummy
105065 | Crypt:3  | Killed Khufu
105472 | Crypt:3  | Noticed a curse skull
105481 | Crypt:3  | Killed a curse skull
105496 | Crypt:3  | Found a staircase to the Tomb.
105724 | Crypt:3  | Identified Vyerchidd's Collected Works on Weightlessness
                  | and Execration
105738 | Crypt:3  | Identified the Tome of Stones and Black Magic
105739 | Crypt:3  | You add the spells Pain and Borgnjor's Vile Clutch to your
                  | library.
105777 | Tomb:1   | Entered Level 1 of the Tomb of the Ancients
105785 | Tomb:1   | Identified the cursed +1 chain mail of Existentialism
                  | {Str+3 SInv} (You found it on level 2 of the Crypt)
106050 | Tomb:1   | Reached skill level 20 in Necromancy
106197 | Tomb:1   | You pick up a book of Burglary and begin reading...
106341 | Tomb:1   | Noticed a royal mummy
106351 | Tomb:1   | Killed a royal mummy
106448 | Tomb:1   | magus.rc [v1.9.10]
106522 | Tomb:1   | Gained mutation: You are clumsy. (Dex -2) [mutagenic glow]
106525 | Tomb:1   | Reached skill level 20 in Crossbows
106541 | Tomb:1   | Reached skill level 20 in Fighting
106541 | Tomb:1   | Reached skill level 20 in Short Blades
106541 | Tomb:1   | Reached skill level 20 in Long Blades
106541 | Tomb:1   | Reached skill level 20 in Axes
106541 | Tomb:1   | Reached skill level 20 in Maces & Flails
106541 | Tomb:1   | Reached skill level 20 in Polearms
106541 | Tomb:1   | Reached skill level 20 in Staves
106541 | Tomb:1   | Reached skill level 20 in Slings
106541 | Tomb:1   | Reached skill level 20 in Bows
106541 | Tomb:1   | Reached skill level 20 in Throwing
106541 | Tomb:1   | Reached skill level 20 in Armour
106541 | Tomb:1   | Reached skill level 20 in Shields
106541 | Tomb:1   | Reached skill level 20 in Unarmed Combat
106541 | Tomb:1   | Reached skill level 20 in Evocations
107318 | Tomb:2   | Noticed a royal mummy
107320 | Tomb:2   | Noticed a royal mummy
107323 | Tomb:2   | Noticed a royal mummy
107323 | Tomb:2   | Noticed a royal mummy
107325 | Tomb:2   | Noticed a royal mummy
107371 | Tomb:1   | HP: 41/224 [bennu (20)]
107827 | Tomb:2   | Killed a royal mummy
107830 | Tomb:2   | Killed a royal mummy
107832 | Tomb:2   | HP: 50/224 [mummy priest/divine providence (14)]
107835 | Tomb:2   | Paralysed by a Zot trap for 3 turns
107840 | Tomb:2   | HP: 31/224 [shadow wraith[a mummy priest] (7)]
107841 | Tomb:2   | HP: 15/224 [mummy priest/divine providence (16)]
107842 | Tomb:2   | HP: 3/224 [mummy priest/divine providence (13)]
107843 | Tomb:2   | Mangled by a jiangshi

Vanquished Creatures
  the Royal Jelly (Slime:5)
  Dissolution (Slime:2)
  5 orbs of fire
  3 ancient liches
  Mara (Swamp:3)
  Sojobo (Vaults:4)
  4 royal mummies
  3 Killer Klowns
  Margery (Vaults:3)
  Frederick (Vaults:4)
  4 curse toes
  Saint Roka (Crypt:2)
  2 caustic shrikes
  A bone dragon (Crypt:3)
  The ghost of Suppyemm the Devastator, a veteran GrEE of Lugonu (Crypt:2)
  8 golden dragons
  Jory (Crypt:2)
  5 liches
  2 electric golems (Zot:2)
  8 tentacled monstrosities
  12 Orb Guardians (Zot:5)
  7 titans
  5 deep elf blademasters
  9 quicksilver dragons
  2 deep elf master archers (Elf:3)
  39 acid blobs
  4 tentacled starspawn
  7 death cobs
  An Executioner (Abyss:1)
  15 sphinxes
  The ghost of Byxkisau the Brawler, an adept TrMo of Nemelex Xobeh (Depths:4)
  An ancient champion (Crypt:3)
  11 tengu reavers
  10 shadow dragons
  3 draconian monks
  Donald (Elf:3)
  A thorn hunter (Swamp:3)
  4 fenstrider witches (Swamp:4)
  10 azure jellies
  A storm dragon (shapeshifter) (Vaults:4)
  10 storm dragons
  Roxanne (Swamp:1)
  4 revenants
  11 vault wardens
  15 fire giants
  An iron dragon (Depths:5)
  11 frost giants
  A curse skull (Crypt:3)
  7 deep elf sorcerers
  3 emperor scorpions (Spider:4)
  4 orc warlords
  6 ghost moths
  4 draconian knights
  3 draconian scorchers
  A draconian stormcaller (Zot:1)
  8 draconian shifters
  4 deep elf elementalists
  43 very ugly things
  An angel (Abyss:4)
  13 ironheart preservers
  4 draconian annihilators
  3 war gargoyles
  2 ophanim (Abyss:4)
  4 ghouls
  A bennu (Tomb:2)
  The ghost of SushiGirl the Devastator, a journeyman DECj of Vehumet (Elf:3)
  11 deep elf demonologists
  11 white draconians
  29 stone giants
  7 green draconians
  Azrael (Elf:2)
  7 black draconians
  6 bunyips
  8 vampire knights
  6 red draconians
  A minotaur (Gauntlet)
  8 yellow draconians
  A bunyip (shapeshifter) (Depths:4)
  9 deep elf annihilators
  11 purple draconians
  8 spark wasps
  7 eleionomae
  A merfolk javelineer (Vaults:2)
  3 eidola
  Snorg (D:14)
  A blizzard demon (Swamp:4)
  5 deep elf death magi
  15 fire dragons
  12 ettins
  17 mummy priests
  9 death oozes
  A green death (Swamp:4)
  18 yaktaur captains
  16 jiangshi
  22 ogre magi
  11 great orbs of eyes
  11 deep elf high priests
  13 ice dragons
  5 catoblepae
  35 vault guards
  3 rakshasas
  A hell beast (Depths:2)
  6 boulder beetles
  4 spriggan air magi
  A quicksilver dragon skeleton (Tomb:1)
  2 ghost crabs
  A spectral stone giant (Crypt:3)
  14 hydras
  Erica (D:8)
  21 death scarabs (Tomb:1)
  8 death knights
  10 deep troll shamans
  11 centaur warriors
  10 death yaks
  8 alligators
  A queen ant (shapeshifter) (Depths:3)
  70 two-headed ogres
  31 dancing weapons
  11 deep troll earth magi
  A satyr (shapeshifter) (Depths:2)
  A spriggan berserker (Depths:3)
  7 tengu warriors
  7 thrashing horrors
  4 orc high priests
  35 deep elf knights
  5 vampire magi
  3 hell knights
  A soul eater (Swamp:4)
  3 shock serpents (Zot:2)
  9 spriggans
  The ghost of Zeld the Geomancer, a novice FoEE of Vehumet (D:7)
  2 shadow wraiths
  3 wretched stars (Abyss:4)
  4 iron trolls
  A sun demon (Abyss:4)
  7 sixfirhies
  22 skeletal warriors
  2 spatial maelstroms
  17 small abominations
  A goliath frog (Swamp:1)
  The ghost of oc3rt the Covert, a novice SpHu of Hepliaklqana (Lair:2)
  6 wizards
  5 spriggan druids
  An iron giant zombie (Crypt:1)
  2 cherubim (Abyss:4)
  2 shadow demons (Abyss:4)
  31 deep trolls
  3 bog bodies
  5 glowing orange brains
  A golden dragon skeleton (Vaults:5)
  2 unseen horrors (shapeshifter)
  11 ironbrand convokers
  A swamp dragon (shapeshifter) (Vaults:5)
  7 flayed ghosts
  A bunyip skeleton (Crypt:1)
  6 unseen horrors
  18 deep elf archers
  15 phantasmal warriors
  An anaconda skeleton (Tomb:1)
  2 orange crystal statues
  23 orc knights
  A lindwurm (Lair:2)
  14 orb spiders
  A shining eye (shapeshifter) (Depths:5)
  88 ugly things
  29 wolf spiders
  11 necromancers
  7 orc sorcerers
  10 shining eyes
  6 cyclopes
  67 deep elf magi
  A stone giant zombie (Tomb:1)
  4 manticores
  A fire giant zombie (D:15)
  5 will-o-the-wisps
  6 worldbinders
  A spectral ice dragon (Crypt:3)
  A wolf spider (shapeshifter) (Abyss:1)
  A fire giant skeleton (Depths:1)
  29 moths of wrath
  A rust devil (Depths:2)
  An ice statue (IceCv)
  A human skeleton (Vaults:2)
  A stone giant skeleton (Depths:1)
  A guardian serpent (Abyss:4)
  6 black mambas
  An eleionoma skeleton (Crypt:1)
  9 elephants
  4 torpor snails
  4 gargoyles
  5 eyes of devastation
  13 large abominations
  5 smoke demons
  16 vault sentinels
  A catoblepas zombie (Crypt:1)
  2 dire elephant skeletons
  3 orange demons
  An emperor scorpion zombie (Tomb:1)
  8 komodo dragons
  13 demonic crawlers
  2 efreet
  8 rime drakes
  16 guardian mummies
  2 ice devils
  9 freezing wraiths
  A tormentor (Abyss:1)
  14 cane toads
  54 yaktaurs
  A pale draconian skeleton (Crypt:2)
  A kobold demonologist (D:9)
  4 tengu conjurers
  30 jumping spiders
  6 ancient zymes
  3 hellwings
  14 trolls
  A jumping spider (shapeshifter) (Depths:3)
  A queen bee (Spider:2)
  A bloated husk (Swamp:1)
  3 meliai (Spider:2)
  A meliai (shapeshifter) (D:10)
  A yaktaur skeleton (Vaults:5)
  12 tyrant leeches
  16 hornets
  2 wind drakes (shapeshifter)
  11 polar bears
  A troll (shapeshifter) (D:14)
  133 slime creatures
  8 raiju
  22 blink frogs
  4 spriggan zombies
  9 dream sheep
  A fire dragon zombie (Crypt:2)
  An ettin zombie (Vaults:2)
  A spriggan (shapeshifter) (Vaults:2)
  A frost giant simulacrum (Vaults:2)
  11 water elementals
  67 flying skulls
  70 redbacks
  12 starcursed masses (Abyss:4)
  A spriggan skeleton (D:15)
  2 ushabtiu (Tomb:2)
  Sigmund (D:2)
  2 air elementals
  An ice dragon skeleton (Depths:1)
  A satyr skeleton (Crypt:2)
  5 shadows
  2 fire dragon skeletons
  7 wraiths
  6 ynoxinuls
  2 wyverns
  115 yaks
  16 tarantellas
  A vampire (D:14)
  8 fire elementals
  2 humans (D:7)
  2 yaks (shapeshifter)
  A golden eye (shapeshifter) (Vaults:1)
  A steam dragon (Lair:2)
  3 neqoxecs
  7 golden eyes
  A hog (shapeshifter) (Vaults:3)
  A basilisk (shapeshifter) (D:10)
  2 basilisks
  4 chaos spawn
  6 vampire mosquitoes
  6 spatial vortices (Abyss:1)
  7 swamp worms
  An acid dragon (D:15)
  2 wargs
  An infernal demonspawn zombie (Crypt:1)
  A swamp worm (shapeshifter) (Vaults:1)
  7 water moccasins
  A hydra simulacrum (Crypt:3)
  5 hell hounds
  A spectral hornet (D:11)
  A floating eye (shapeshifter) (Vaults:3)
  6 floating eyes
  2 ice beasts
  2 swamp drakes
  A hornet zombie (D:14)
  A black bear (Lair:2)
  9 eyes of draining
  69 orc warriors
  2 black bears (shapeshifter)
  3 sky beasts
  6 necrophages
  A snapping turtle zombie (Tomb:1)
  51 ogres
  35 wolves
  13 boggarts
  18 centaurs
  A blink frog skeleton (Crypt:2)
  12 big kobolds
  A human zombie (Vaults:2)
  25 bullfrogs
  An earth elemental (Elf:1)
  A deep troll simulacrum (Vaults:5)
  A komodo dragon skeleton (Crypt:1)
  A wyvern zombie (D:14)
  3 wyvern skeletons
  3 scorpions
  A shapeshifter zombie (Crypt:2)
  23 wights
  25 killer bees
  5 electric eels
  3 howler monkeys
  11 centaur zombies
  A bullfrog zombie (D:8)
  7 hounds
  9 jellies
  2 quasits
  6 centaur skeletons
  A gnoll shaman (D:9)
  18 orc priests
  27 orc wizards
  2 bullfrog skeletons
  Natasha (thrice) (D:3)
  5 iguanas
  4 hell rats (Lair:6)
  10 worker ants
  4 lightning spires (Zot:2)
  A tengu zombie (Crypt:1)
  2 bullfrog simulacra (D:11)
  A demigod skeleton (Crypt:1)
  A hound zombie (D:8)
  A hound skeleton (Crypt:2)
  25 mummies
  13 gnolls
  7 adders
  A shadow imp (D:6)
  15 white imps
  7 ufetubi
  3 adder skeletons
  2 adder zombies
  A worm (D:3)
  3 dart slugs
  4 leopard geckos
  111 orcs
  8 giant cockroaches
  12 goblins
  19 hobgoblins
  11 jackals
  42 kobolds
  6 quokkas
  3 ball pythons
  9 bats
  7 frilled lizards
  A giant cockroach zombie (Crypt:1)
  A leopard gecko zombie (D:6)
  A quokka skeleton (D:5)
  A quokka zombie (D:6)
  4 rats
  4 ball lightnings (Zot:2)
  5 crawling corpses (Elf:3)
  4 starspawn tentacles
3123 creatures vanquished.

Vanquished Creatures (collateral kills)
  Khufu (Crypt:3)
  A juggernaut (Abyss:4)
  A golden dragon (Zot:5)
  The ghost of Droegar the Slayer, an adept MiBe of Trog (Vaults:2)
  Arachne (Spider:4)
  A profane servitor (Crypt:3)
  An electric golem (Zot:2)
  A quicksilver dragon (Zot:5)
  5 acid blobs
  3 sphinxes (Tomb:1)
  4 ancient champions
  A tengu reaver (Depths:3)
  3 shadow dragons
  An azure jelly (Slime:5)
  2 storm dragons (Zot:5)
  A revenant (Crypt:3)
  Aizul (Vaults:1)
  3 emperor scorpions (Spider:4)
  An iron dragon (Depths:3)
  A deep elf elementalist (Vaults:5)
  A draconian annihilator (Zot:2)
  A ghoul (Crypt:2)
  A stone giant (Depths:1)
  A very ugly thing (Depths:1)
  2 vampire knights
  2 bunyips
  A bennu (Tomb:1)
  An eleionoma (Swamp:2)
  A jiangshi (Depths:4)
  A fire dragon (Depths:1)
  A mummy priest (Tomb:1)
  An ice dragon (Depths:4)
  2 rakshasas (Vaults:2)
  3 great orbs of eyes
  The ghost of hawla the Frost Mage, a journeyman DrCj of Vehumet (D:11)
  2 hydras (Lair:5)
  2 death knights (Crypt:3)
  5 death scarabs (Tomb:1)
  An alligator (Swamp:2)
  A deep troll earth mage (Depths:3)
  The ghost of pascalblue the Destroyer, a journeyman DECj of Sif Muna (D:10)
  A thrashing horror (Abyss:1)
  2 deep elf knights
  A hell knight (Vaults:3)
  11 skeletal warriors
  2 deep trolls
  A swamp dragon (Swamp:2)
  A swamp dragon (shapeshifter) (Vaults:4)
  3 bog bodies
  A necromancer (Depths:1)
  3 ironbrand convokers
  A frost giant zombie (Vaults:2)
  An orb spider (Spider:4)
  2 ugly things
  A wolf spider (Spider:4)
  A will-o-the-wisp (Lair:4)
  A frost giant skeleton (Vaults:5)
  A cane toad (Lair:4)
  A hellwing (Swamp:4)
  A yaktaur (Vaults:1)
  A guardian mummy (Tomb:1)
  An efreet (D:15)
  A freezing wraith (Crypt:3)
  3 demonic crawlers
  A human skeleton (Vaults:5)
  2 jumping spiders (Spider:4)
  A tyrant leech (Swamp:4)
  A hornet (shapeshifter) (Depths:1)
  21 slime creatures
  A redback (Spider:4)
  2 tarantellas
  A water elemental (Depths:1)
  A wraith (Crypt:3)
  A basilisk (Lair:4)
  A swamp worm (Swamp:4)
  A large abomination (Abyss:1)
  4 orc warriors (Vaults:1)
  A spectral hornet (D:11)
  A meliai simulacrum (D:11)
  A swamp drake (Swamp:1)
  A phantom (D:12)
  A centaur (Depths:1)
  4 big kobolds (D:7)
  A spectral bullfrog (D:11)
  An orc priest (Vaults:1)
  A lightning spire (Zot:2)
  A bullfrog simulacrum (D:11)
  A demigod skeleton (Crypt:2)
  A barachi skeleton (Crypt:2)
  An orc (Vaults:1)
162 creatures vanquished.

Vanquished Creatures (others)
  A tentacled monstrosity (Zot:4)
  A storm dragon (Zot:2)
  2 black draconians
  A death scarab (Tomb:1)
  2 ogre magi (Abyss:4)
  2 shock serpents (Zot:2)
  A rime drake (IceCv)
  A polar bear (IceCv)
  A jumping spider (Zot:2)
  2 yaks (IceCv)
  2 chaos spawn (Abyss:4)
  4 wolves (IceCv)
  A jelly (Abyss:1)
  A small abomination (Abyss:4)
  A ball lightning (Zot:2)
  18 foxfires
  28 fulminant prisms
  44 fungi
  124 plants
  7 starspawn tentacles
  6 withered plants
250 creatures vanquished.

Grand Total: 3535 creatures vanquished

Table legend:
 A = Non-vault XP
 B = Vault XP
 C = Vault XP percentage of total XP
 D = Non-vault monster count
 E = Vault monster count
 F = Vault count percentage of total count
                 A         B        C        D         E       F
            +---------+---------+-------+---------+---------+-------
      Total | 1077366 | 1048313 |  49.3 |    2078 |    1175 |  36.1
            +---------+---------+-------+---------+---------+-------
        D:1 |      44 |       0 |   0.0 |      24 |       0 |   0.0
        D:2 |      97 |     223 |  69.7 |      35 |       1 |   2.8
        D:3 |     128 |      35 |  21.5 |      27 |       1 |   3.6
        D:4 |     347 |       0 |   0.0 |      16 |       0 |   0.0
        D:5 |     574 |       0 |   0.0 |      17 |       0 |   0.0
        D:6 |     776 |       0 |   0.0 |      23 |       0 |   0.0
        D:7 |     490 |    1793 |  78.5 |      12 |      12 |  50.0
        D:8 |     455 |     912 |  66.7 |      15 |       1 |   6.2
        D:9 |    1278 |     937 |  42.3 |      32 |      18 |  36.0
       D:10 |    1682 |    6271 |  78.9 |      18 |      12 |  40.0
       D:11 |    7677 |    1659 |  17.8 |      48 |      14 |  22.6
       D:12 |    5734 |       0 |   0.0 |      36 |       0 |   0.0
       D:13 |    6831 |    2058 |  23.2 |      58 |      26 |  31.0
       D:14 |    9199 |   12242 |  57.1 |      28 |      23 |  45.1
       D:15 |   17955 |    3467 |  16.2 |      38 |       8 |  17.4
     Lair:1 |    8373 |    1257 |  13.1 |      39 |       4 |   9.3
     Lair:2 |    8297 |    5061 |  37.9 |      22 |      16 |  42.1
     Lair:3 |    7433 |       0 |   0.0 |      31 |       0 |   0.0
     Lair:4 |    6097 |    1093 |  15.2 |      19 |       3 |  13.6
     Lair:5 |   14112 |       0 |   0.0 |      50 |       0 |   0.0
     Lair:6 |    7622 |   10279 |  57.4 |      26 |      23 |  46.9
    Swamp:1 |   16277 |    4752 |  22.6 |      37 |       2 |   5.1
    Swamp:2 |   13517 |       0 |   0.0 |      19 |       0 |   0.0
    Swamp:3 |    8716 |    5978 |  40.7 |      11 |       1 |   8.3
    Swamp:4 |   14688 |   23637 |  61.7 |      23 |      32 |  58.2
   Spider:1 |    5735 |    3247 |  36.2 |      11 |      10 |  47.6
   Spider:2 |    9152 |    2164 |  19.1 |      23 |      20 |  46.5
   Spider:3 |   12333 |       0 |   0.0 |      38 |       0 |   0.0
   Spider:4 |   20044 |   23648 |  54.1 |      63 |      44 |  41.1
    Slime:1 |   15874 |       0 |   0.0 |      30 |       0 |   0.0
    Slime:2 |   15607 |   13432 |  46.3 |      43 |       1 |   2.3
    Slime:3 |   18587 |       0 |   0.0 |      35 |       0 |   0.0
    Slime:4 |    7293 |       0 |   0.0 |      11 |       0 |   0.0
    Slime:5 |   27430 |   40287 |  59.5 |      40 |      16 |  28.6
      Orc:1 |    1875 |     119 |   6.0 |      18 |      12 |  40.0
      Orc:2 |    3593 |    9356 |  72.3 |      29 |      28 |  49.1
      Elf:1 |   19032 |   26392 |  58.1 |      31 |      41 |  56.9
      Elf:2 |   18396 |   30824 |  62.6 |      28 |      43 |  60.6
      Elf:3 |   13279 |   56428 |  81.0 |      26 |      37 |  58.7
   Vaults:1 |   48809 |   18157 |  27.1 |      92 |      26 |  22.0
   Vaults:2 |   27088 |   20735 |  43.4 |      41 |      21 |  33.9
   Vaults:3 |   29697 |   20529 |  40.9 |      49 |      29 |  37.2
   Vaults:4 |   36686 |   46124 |  55.7 |      56 |      37 |  39.8
   Vaults:5 |   43558 |  119184 |  73.2 |      76 |      83 |  52.2
    Crypt:1 |   16860 |       0 |   0.0 |      23 |       0 |   0.0
    Crypt:2 |   15732 |   12501 |  44.3 |      24 |      15 |  38.5
    Crypt:3 |       0 |   84788 | 100.0 |       0 |     124 | 100.0
     Tomb:1 |    9252 |   55030 |  85.6 |      22 |      50 |  69.4
     Tomb:2 |    1543 |   17743 |  92.0 |      12 |      17 |  58.6
   Depths:1 |   34564 |    9064 |  20.8 |      53 |       8 |  13.1
   Depths:2 |   56795 |   18605 |  24.7 |      89 |      23 |  20.5
   Depths:3 |   37209 |  109643 |  74.7 |      44 |      80 |  64.5
   Depths:4 |   42709 |   35566 |  45.4 |      52 |      27 |  34.2
   Depths:5 |   57745 |   49968 |  46.4 |      64 |      28 |  30.4
      Zot:1 |   52465 |       0 |   0.0 |      30 |       0 |   0.0
      Zot:2 |   50280 |   35273 |  41.2 |      33 |      40 |  54.8
      Zot:3 |   32403 |       0 |   0.0 |      17 |       0 |   0.0
      Zot:4 |   43888 |       0 |   0.0 |      19 |       0 |   0.0
      Zot:5 |   32924 |   75136 |  69.5 |      20 |      24 |  54.5
    Abyss:1 |   19710 |       0 |   0.0 |      47 |       0 |   0.0
    Abyss:4 |   40820 |   12928 |  24.1 |      85 |       8 |   8.6
     Bailey |       0 |    2150 | 100.0 |       0 |      27 | 100.0
      IceCv |       0 |   10461 | 100.0 |       0 |      44 | 100.0
   Gauntlet |       0 |    7177 | 100.0 |       0 |      15 | 100.0
            +---------+---------+-------+---------+---------+-------

Illustrated notes

Table legend:
 A = Kills in this place as a percentage of kills in entire the game.
 B = Kills by you in this place as a percentage of kills by you in the entire game.
 C = Kills by friends in this place as a percentage of kills by friends in the entire game.
 D = Other kills in this place as a percentage of other kills in the entire game.
 E = Experience gained in this place as a percentage of experience gained in the entire game.
 F = Experience gained in this place divided by the number of levels of this place that you have seen.
                   A       B       C       D       E      F
               +-------+-------+-------+-------+-------+----------------------
         Total | 100.0 | 100.0 | 100.0 | 100.0 | 100.0 | 31726.6
       Dungeon |  16.7 |  17.2 |   8.0 |   0.0 |   3.9 | 5524.3
          Lair |   7.2 |   7.4 |   3.1 |   0.0 |   3.3 | 11604.0
         Swamp |   3.8 |   3.7 |   7.4 |   0.0 |   4.1 | 21891.2
   Spider Nest |   6.4 |   6.3 |   8.6 |   0.0 |   3.6 | 19080.8
    Slime Pits |   5.4 |   5.0 |  13.0 |   0.0 |   6.5 | 27702.0
  Orcish Mines |   2.7 |   2.8 |   0.0 |   0.0 |   0.7 | 7471.5
   Elven Halls |   6.3 |   6.6 |   0.6 |   0.0 |   7.7 | 54783.7
        Vaults |  15.7 |  15.6 |  17.9 |   0.0 |  19.3 | 82113.4
         Crypt |   5.7 |   5.3 |  13.0 |   0.0 |   6.1 | 43293.7
          Tomb |   3.1 |   2.8 |   8.6 |  16.7 |   3.9 | 41784.0
        Depths |  14.4 |  14.5 |  13.0 |  16.7 |  21.3 | 90373.6
           Zot |   5.6 |   5.6 |   4.9 |  33.3 |  15.2 | 64473.8
         Abyss |   4.3 |   4.4 |   1.9 |   0.0 |   3.5 | 18364.5
        Bailey |   0.8 |   0.9 |   0.0 |   0.0 |   0.1 | 2150.0
      Ice Cave |   1.4 |   1.4 |   0.0 |  33.3 |   0.5 | 10461.0
      Gauntlet |   0.5 |   0.5 |   0.0 |   0.0 |   0.3 | 7177.0
               +-------+-------+-------+-------+-------+----------------------

Table legend: (Time is in decaauts)
 A = Elapsed time spent in this place.
 B = Non-inter-level travel time spent in this place.
 C = Inter-level travel time spent in this place.
 D = Time resting spent in this place.
 E = Time spent auto-exploring this place.
 F = Levels seen in this place.
 G = Mean time per level.
                   A        B        C        D        E       F      G
               +--------+--------+--------+--------+--------+-----+--------+
         Total | 148199 | 131969 |  16230 |   1188 | 109446 |  67 | 2211.9 |
       Dungeon |  29397 |  24657 |   4740 |    105 |  21540 |  15 | 1959.8 |
        Temple |    150 |    111 |     39 |      0 |    110 |   1 |  150.0 |
          Lair |  18401 |  14935 |   3466 |     94 |  13095 |   6 | 3066.8 |
         Swamp |   8350 |   7942 |    408 |      0 |   6917 |   4 | 2087.5 |
   Spider Nest |   9349 |   8703 |    646 |      0 |   7634 |   4 | 2337.2 |
    Slime Pits |   7753 |   7268 |    485 |      0 |   5896 |   5 | 1550.6 |
  Orcish Mines |   3955 |   3621 |    334 |      0 |   3037 |   2 | 1977.5 |
   Elven Halls |   8113 |   7646 |    467 |     15 |   6352 |   3 | 2704.3 |
        Vaults |  19716 |  17044 |   2672 |    144 |  13801 |   5 | 3943.2 |
         Crypt |   4954 |   4840 |    114 |    114 |   3896 |   3 | 1651.3 |
          Tomb |   2891 |   2411 |    480 |     82 |   1836 |   2 | 1445.5 |
        Depths |  16707 |  14715 |   1992 |      0 |  12525 |   5 | 3341.4 |
           Zot |  11171 |  10789 |    382 |    424 |   8544 |   5 | 2234.2 |
         Abyss |   2686 |   2686 |      0 |     49 |    840 |   4 |  671.5 |
        Bailey |   1206 |   1206 |      0 |    100 |    799 |   1 | 1206.0 |
      Ice Cave |   2202 |   2202 |      0 |     58 |   1660 |   1 | 2202.0 |
      Gauntlet |   1191 |   1191 |      0 |      3 |    958 |   1 | 1191.0 |
               +--------+--------+--------+--------+--------+-----+--------+

Top non-repeatable levels by time:
Vaults:1: 4802 daAuts
  Lair:1: 4638 daAuts
Depths:3: 4475 daAuts
Vaults:4: 4305 daAuts
   Zot:2: 4259 daAuts
Vaults:2: 4155 daAuts
Vaults:3: 3863 daAuts
  Lair:2: 3838 daAuts
Depths:1: 3598 daAuts
    D:15: 3393 daAuts
Depths:2: 3392 daAuts
    D:14: 3355 daAuts
  Lair:6: 2999 daAuts
   Elf:3: 2967 daAuts
Spider:4: 2962 daAuts
